Workbook
Name ESP: #REF!
Name iincome: #REF!
Name iincome: #REF!
Name iincome: #REF!
Name iincome: #REF!
Name iincome: #REF!
Name income: #REF!
Name income: #REF!
Name income: #REF!
Name income: #REF!
Name income: #REF!
Name incomelevel: #REF!
Name incomelevel: #REF!
Name incomelevel: #REF!
Name incomelevel: 'Results Tracker (rev)'!$E$142:$E$144
Name incomelevel: #REF!
Name info: #REF!
Name info: #REF!
Name info: #REF!
Name info: 'Results Tracker (rev)'!$E$161:$E$163
Name info: #REF!
Name Month: [1]Dropdowns!$G$2:$G$13
Name overalleffect: #REF!
Name overalleffect: #REF!
Name overalleffect: #REF!
Name overalleffect: 'Results Tracker (rev)'!$D$161:$D$163
Name overalleffect: #REF!
Name physicalassets: #REF!
Name physicalassets: #REF!
Name physicalassets: #REF!
Name physicalassets: 'Results Tracker (rev)'!$J$161:$J$169
Name physicalassets: #REF!
Name quality: #REF!
Name quality: #REF!
Name quality: #REF!
Name quality: 'Results Tracker (rev)'!$B$152:$B$156
Name quality: #REF!
Name question: #REF!
Name question: #REF!
Name question: #REF!
Name question: 'Results Tracker (rev)'!$F$152:$F$154
Name question: #REF!
Name responses: #REF!
Name responses: #REF!
Name responses: #REF!
Name responses: 'Results Tracker (rev)'!$C$152:$C$156
Name responses: #REF!
Name state: #REF!
Name state: #REF!
Name state: #REF!
Name state: 'Results Tracker (rev)'!$I$156:$I$158
Name state: #REF!
Name Tracker: #REF!
Name type1: #REF!
Name type1: '[2]Results Tracker'!$G$146:$G$149
Name type1: #REF!
Name type1: 'Results Tracker (rev)'!$G$152:$G$155
Name type1: #REF!
Name Year: [1]Dropdowns!$H$2:$H$36
Name yesno: #REF!

Sheet Overview
D3: Project Performance Report (PPR)*
D4: * Refers to both projects and programs
C5: Period of Report (Dates) | D5: 31 October 2021 - 31 October 2022
C7: Project Title: | D7: Special Financing Window in Support of Innovation for Adaptation
C13: Project Summary: | D13: The primary objective of this five-year programme is to support countries to test, evaluate, roll out and scale up innovative adaptation practices, products and technologies. It does so by providing micro-grants to eligible beneficiary countries (developing countries without direct access to Adaptation Fund grants). The micro-grants are used to support the development and diffusion of innovative adaptation practices, tools, and technologies through the provision of technical assistance by relevant CTCN network members. The Programme also facilitates information sharing and the exchange of best practices in order to support a learning mechanism for innovation in adaptation. The programme is expected to encourage and accelerate new innovations and strengthen evidence base on effective, efficient adaptation practices, products and technologies by enabling 30 countries to successfully develop and implement concept notes for the Adaptation Fund innovation micro-grants mechanism. Of these 30 countries, 15 would focus on innovative technologies and 10 countries would focus on strengthening technical and financial systems to accelerate adaption innovation and technology action. The programme will thus contribute to Expected Results 3 and 4 of the Adaptation Fund Medium Term Strategy 2018-2022.
H14: Countries | I14: Project Type: | K14: GEF Focal Area: | L14: GEF 4 Focal Areas | M14: GEF 2 / 3 Operational Programme: | N14: Overall Rating of the project in the evaluation by the project evaluator: | O14: GEF-4 Focal Area Strategic Program: | P14: GEF-3 Focal Area Strategic Program:
C15: Database Number: | D15: S1-32AFB-000012-SB-015479 | H15: Afghanistan | I15: FP | J15: Yes | K15: Biodiversity | L15: 1 | M15: 1 | N15: U | O15: BD-SP1-PA Financing | P15: 1: Arid & semi-arid ecosystems
B16: Implementing Entity (IE) [name]: | D16: United Nations Environment Programme (UNEP) | H16: Albania | I16: MSP | J16: No | K16: Climate Change Adaptation | L16: 2 | M16: 2 | N16: S | O16: BD-SP2-Marine PA | P16: 2: Coastal, marine & freshwater ecosystems
C17: Type of IE: | D17: Multilateral Implementing Entity (MIE) | H17: Algeria | I17: EA | K17: Climate Change Mitigation | L17: 3 | M17: 3 | N17: MU | O17: BD-SP3-PA Networks | P17: 3: Forest ecosystems
C18: Country(ies): | D18: Global | H18: Angola | K18: International Waters | L18: 5 | M18: 5 | N18: Good | O18: BD-SP5-Markets | P18: 13: Conservation and Sustainable Use of Biological Diversity Important to Agriculture
B19: Relevant Geographic Points (i.e. cities, villages, bodies of water): | D19: NA | H19: Argentina | K19: Multiple Focal Area | O19: BD-SP7-Invasive Alien Species(IAS) | P19: 6: Promoting the adoption of renewable energy by removing barriers and reducing implementation costs
M20: CC-SP2- Industrial EE | N20: 8: Waterbody based operational program
C21: Project Milestones | M21: CC-SP3-RE,CC-SP4-Biomass | N21: 9: Integrated Land and Water multiple focal area
C22: Milestone | H22: Bahamas | O22: CC-SP5-Transport | P22: 10: Contaminants based operational program
B23: AFB Approval Date: | D23: 43749
B25: IE-AFB Agreement Signature Date: | D25: 43964 | N25: CC-SP6-LULUCF | O25: 12: Integrated Ecosystem Management
B26: Start of Project/Programme: | D26: 44132 | N26: Cross cutting capacity building | O26: 14: Persistent Organic Pollutants
B27: Actual Mid-term Review Date (if applicable): | D27: 45047
C29: Original Completion Date: | D29: 45957
B30: Revised Completion Date after approval of
C31: extension request (if applic)
D33: List each approval condition, if any, and report on the status of meeting them (duplicate table as nec)
C34: Category of condition
C35: Condition or Requirement
C36: Current Status
C37: Planned actions, including a detailed time schedule
D40: List (only) inception report/ extension request(s)/ MTR that have been prepared for the project and provide date(s) of submission for each | H40: Cyprus
D41: Inception Report, 15 February 2021 | H41: Czech Republic
B42: List the Website address (URL) of project | H42: Democratic People's Republic of Korea
D43: https://www.ctc-n.org/afcia/unep-ctcn | H43: Democratic Republic of the Congo
H44: Denmark
C45: Project contacts: | H45: Djibouti
B46: National/Regional Project Manager/Coordinator | H46: Dominica
C47: Name: | D47: Saliha Dobardzic | H47: Dominican Republic
C48: Email: | D48: sdobardzic@adaptation-fund.org | H48: Ecuador
C49: Date: | H49: Egypt
B51: Government(s) DA [if regional project/program add rows as necessary]
H52: El Salvador
C53: Name: | D53: NA | H53: Equatoral Guinea
C54: Email: | H54: Eritrea
C55: Date: | H55: Estonia
C56: Implementing Entity | H56: Ethiopia
C57: Name: | D57: Jessica Troni | H57: Fiji
C58: Email: | D58: jessica.troni@un.org | H58: Finland
C59: Date: | H59: France
C60: Executing Agency | H60: Gambia
C61: Name: | D61: Rose Mwebaza | H61: Georgia
C62: Email: | D62: mwebaza@un.org | H62: Germany
C63: Date: | H63: Ghana
C64: Executing Agency | H64: Greece
C65: Name: | H65: Grenada
C66: Email: | H66: Guatemala
C67: Date: | H67: Guinea
C68: Executing Agency | H68: Guinea Bissau
C69: Name: | H69: Guyana
C70: Email: | H70: Haiti
C71: Date: | H71: Honduras
H72: Hungary
H73: Iceland
H74: India
H75: Indonesia
H76: Iran (Islamic Republic of)
H77: Iraq
H78: Ireland
H79: Israel
H80: Italy
H81: Jamaica
H82: Japan
H83: Jordan
... H189: Zimbabwe

Sheet Financial Data 
C3: Financial information PPR 1: cumulative from project start to 31st October 2021 | L3: Financial information PPR 2: cumulative from project start to 31 October 2022 | U3: Financial information PPR 3: cumulative from project start to [insert date] | AC3: Financial information PPR 4: cumulative from project start to [insert date] | AK3: Financial information PPR 5: cumulative from project start to [insert date]
C7: DISBURSEMENT OF AF GRANT FUNDS | L7: DISBURSEMENT OF AF GRANT FUNDS | U7: DISBURSEMENT OF AF GRANT FUNDS | AC7: DISBURSEMENT OF AF GRANT FUNDS | AK7: DISBURSEMENT OF AF GRANT FUNDS
C8: How much of the total AF grant as noted in Project Document plus any project preparation grant has been spent to date? | L8: How much of the total AF grant as noted in Project Document plus any project preparation grant has been spent to date? | U8: How much of the total AF grant as noted in Project Document plus any project preparation grant has been spent to date? | AC8: How much of the total AF grant as noted in Project Document plus any project preparation grant has been spent to date? | AK8: How much of the total AF grant as noted in Project Document plus any project preparation grant has been spent to date?
C9: Estimated cumulative total disbursement as of 31 October 2021 | E9: 713900 | L9: Estimated cumulative total disbursement as of 31 October 2022 | N9: 3106954 | U9: Estimated cumulative total disbursement as of [enter Date] | AC9: Estimated cumulative total disbursement as of [enter Date] | AK9: Estimated cumulative total disbursement as of [enter Date]
C10: Add any comments on AF Grant Funds. (word limit=200) | E10: To be noted: - As of 31st October, there are 3 concept notes contracted, and 8 AFCIA projects in the final stages of the selection and contracting process, from which 3 should start implementation by Q2.2022, and the remaining 5 during Q3.2022. - The total estimated amount for these 11 projects is USD 2,471,888.91. A change in the disbursement calendar has been prepared to reflect a more realistic map of activities and will be shared with the AF together with the revised PPR. Details on TA selected : On October 31st, a total budget of 583,063 USD has been contracted in order to implement 2 "Acceleration" projects and 1 "Enabling Environment" project. For the projects under the acceleration component, there is one in Burundi, and one in Saint Kitts and Nevis. The project implemented under the enabling environment component is in the Bahamas. | L10: Add any comments on AF Grant Funds. (word limit=200) | N10: As of 31st October 2022: • 12 projects are being implemented under AFCIA for a total of USD 2,607,853 (USD 1,871,434.93 financed by AFCIA and USD 736,419 USD CTCN co-financed) from the AFCIA programme. These projects include Burundi, Saint Kitts, Liberia, Zambia, Vietnam, Nepal, Maldives, Bahamas, Ghana, Honduras, Mongolia, Sudan. Among those: - One project (Bahamas) has been put on hold (see footnote 1 below) - One project (Maldives) is being partially co-financed by CTCN for 36,789 usd - Three projects (Sundan, Honduras and Mongolia) are being entirely co-financed by CTCN (see footnote 2 below) for respectively 250,030, 240,000 and 209,600 usd. | U10: Add any comments on AF Grant Funds. (word limit=200) | AC10: Add any comments on AF Grant Funds. (word limit=200) | AK10: Add any comments on AF Grant Funds. (word limit=200)
C12: INVESTMENT INCOME | L12: INVESTMENT INCOME | N12: 0 | U12: INVESTMENT INCOME | AC12: INVESTMENT INCOME | AK12: INVESTMENT INCOME
C13: Amount of annual investment income generated from the Adaptation Fund’s grant | L13: Amount of annual investment income generated from the Adaptation Fund’s grant | U13: Amount of annual investment income generated from the Adaptation Fund’s grant | AC13: Amount of annual investment income generated from the Adaptation Fund’s grant | AK13: Amount of annual investment income generated from the Adaptation Fund’s grant
C15: EXPENDITURE DATA | L15: EXPENDITURE DATA | N15: ITEM / ACTIVITY / ACTION | O15: AMOUNT SPENT | P15: Co-funded by CTCN | U15: EXPENDITURE DATA | AC15: EXPENDITURE DATA | AK15: EXPENDITURE DATA
C16: List output and corresponding amount spent for the current reporting period | E16: ITEM / ACTIVITY / ACTION | F16: AMOUNT | L16: List output and corresponding amount spent for the current reporting period | N16: 1.1 Communications Sp | O16: 21000 | P16: 0 | U16: List output and corresponding amount spent for the current reporting period | W16: ITEM / ACTIVITY / ACTION | X16: AMOUNT | AC16: List output and corresponding amount spent for the current reporting period | AE16: ITEM / ACTIVITY / ACTION | AF16: AMOUNT | AK16: List output and corresponding amount spent for the current reporting period | AM16: ITEM / ACTIVITY / ACTION | AN16: AMOUNT
E17: 1.1 Communications Sp | F17: 12000 | N17: 1.1 Translation Services | O17: 0 | P17: 0
E18: 1.1 Translation Services | F18: 0 | N18: 1.1 Printing | O18: 3134 | P18: 0
E19: 1.1 Printing | F19: 3134 | N19: 1.1 Regional Liaison | O19: 12540 | P19: 0
E20: 1.1 Regional Liaison | F20: 8040 | N20: 1.2 Grants to Network Members (concept note develop) | P20: 0
E21: 1.2 Grants to Network Members (concept note development) | F21: 0 | N21: 1.2 Travel (related to concept note develop) | O21: 0 | P21: 0
N22: Sub Total Component 1 | O22: =SUM(O16:O21) -> 36674 | P22: =SUM(P16:P21) -> 0
E23: 1.2 Travel (related to concept note develop) | F23: 0 | N23: 2.1 Grants to Network Members (implementation - innov & tech projects)* | P23: 0
E24: 2.1 Grants to Network Members (implementation - innov & tech projects)* | F24: 0 | N24: 1- Burundi (previous reporting period) | O24: 214950 | P24: 0
E25: Burundi | F25: 214950 | N25: 2 - Saint Kitts and Nevis (previous reporting period) GBP 149,553 | O25: 201553.91 | P25: 0
E26: Saint Kitts and Nevis | F26: 201553.91 | N26: 3- Liberia | O26: 233825 | P26: 0
E27: 2.1 Grants to Network Members (implementation - enabling env projects)* | F27: 0 | N27: 4- Zambia | O27: 224990 | P27: 0
E28: Bahamas | F28: 166560 | N28: 5- Vietnam | O28: 192999
E29: 3.1 Communications Sp | F29: 6000.01 | N29: 6- Nepal | O29: 142750 | P29: 0
E30: 3.1 IT Services | F30: 0 | N30: 7 - Maldives (Co-funded project 1) | O30: 250000 | P30: 36789
E31: 3.1. Grants to Network Members (Lessons l earned) | F31: 0 | N31: 8 - Sudan Soil mapping (Footnote 2)- Co funded project 2 | O31: 0 | P31: 250030
E32: 3.2 Communications Sp | F32: 5999.99 | N32: 2.1 Grants to Network Members (implementation - enabling env projects)* | P32: 0
E33: 3.2 Translation Services | F33: 0 | N33: 9 - Bahamas (previous reporting period) Footnote 1 | O33: 166560 | P33: 0
E34: 3.2 Audio/Video Services | F34: 0 | N34: 10 -Ghana | O34: 243807.02 | P34: 0
N35: 11 - Mongolia (Footnote 2) (Co-funded project 3) | O35: 0 | P35: 209600
E36: 3.2 Printing | F36: 1768.92 | N36: 12 - Honduras (Footnote 2) (co-funded project 4) | O36: 0 | P36: 240000
N37: Sub Total Component 2 | O37: =SUM(O23:O36) -> 1871434.9 | P37: =SUM(P23:P36) -> 736419
E38: 3.3 Grants to Network Members (Tech investment proposals) | F38: 0 | N38: 3.1 Communications Sp | O38: 10500 | P38: 0
E39: 3.3 Travel | F39: 0 | N39: 3.1 IT Services | O39: 0 | P39: 0
E40: Sub Total Component 1 to 3 | F40: =SUM(F17:F39) -> 620006.83 | N40: 3.1. Grants to Network Members (Lessons l earned) | O40: 0 | P40: 0
E41: EC.Prog. Manager | F41: 17000 | N41: 3.2 Communications Sp | O41: 10500 | P41: 0
E42: EC. Procurement Officer | F42: 0 | N42: 3.2 Translation Services | O42: 0 | P42: 0
E43: EC.Technical Specialist | F43: 6000 | N43: 3.2 Audio/Video Services | O43: 0 | P43: 0
E44: EC.Office Equipment | F44: 0 | N44: 3.2 Printing | O44: 1768.72
E45: EC. Procurement Officer | F45: 0 | N45: 3.3 Grants to Network Members (Tech investment proposals) | O45: 0 | P45: 0
E46: EC.Travel | F46: 0 | N46: 3.3 Travel | O46: 0 | P46: 0
N47: Sub Total Component 3 | O47: =SUM(O38:O46) -> 22768.72 | P47: =SUM(P38:P46) -> 0
E48: EC. Terminal Evaluation | F48: 0 | N48: Sub Total Component 1 to 3 | O48: =O47+O37+O22 -> 1930877.7 | P48: =P37+P47+P22 -> 736419
E49: Sub total Execution costs | F49: =SUM(F41:F48) -> 23000 | N49: EC.Prog. Manager | O49: 28250 | P49: 0
E50: Sub total Components and EC | F50: =F40+F49 -> 643006.83 | N50: EC. Procurement Officer | O50: 0 | P50: 0
E51: Implementing entity fee | F51: 63900 | N51: EC.Technical Specialist | O51: 12000 | P51: 0
E52: TOTAL | F52: =F50+F51 -> 706906.83 | N52: EC.Office Equipment | O52: 0 | P52: 0
N53: Project Dashboard | O53: 0 | P53: 0
N54: EC.Travel | O54: 0 | P54: 0
N55: EC. Terminal Evaluation | O55: 0 | P55: 0
N56: Sub total Execution (PMC) costs | O56: =SUM(O49:O55) -> 40250 | P56: =SUM(P49:P55) -> 0
C57: PLANNED EXPENDITURE SCHEDULE | E57: Note: This table includes the revised budget for year 2 plus the remaining unspent budget reported for year 1 | N57: Sub total Components and EC/PMC | O57: =O48+O56 -> 1971127.7
C58: List outputs planned and corresponding projected cost for the upcoming reporting period | E58: ITEM / ACTIVITY / ACTION | F58: PROJECTED COST | G58: Est. Completion Date | N58: Implementing entity fee | O58: 267485 | P58: 0
E59: 1.1 Communications Sp | F59: =F17 -> 12000 | G59: 44641 | N59: TOTAL | O59: =O57+O58 -> 2238612.7 | P59: =P48+P57 -> 736419
E60: 1.1 Translation Services | F60: 3000
E61: 1.1 Printing | F61: 866 | G61: 44804
E62: 1.1 Regional Liaison | F62: =F20 -> 8040 | W62: TOTAL | X62: =SUM(X17:X57) -> 0 | AE62: TOTAL | AF62: =SUM(AF17:AF57) -> 0 | AM62: TOTAL | AN62: =SUM(AN17:AN57) -> 0
E63: 1.2 Grants to Network Members (concept note develop) | F63: 86000
E64: 1.2 Travel (related to concept note develop) | F64: 30000 | L64: PLANNED EXPENDITURE SCHEDULE | N64: Note: This table includes the planned budget for year 3 plus the remaining unspent budget reported for year 1 and 2 | U64: PLANNED EXPENDITURE SCHEDULE | AC64: PLANNED EXPENDITURE SCHEDULE | AK64: PLANNED EXPENDITURE SCHEDULE
E65: 2.1 Grants to Network Members (implementation - innov & tech projects)* | L65: List outputs planned and corresponding projected cost for the upcoming reporting period | N65: ITEM / ACTIVITY / ACTION | O65: PROJECTED COST | P65: Est. Completion Date | U65: List outputs planned and corresponding projected cost for the upcoming reporting period | W65: ITEM / ACTIVITY / ACTION | X65: PROJECTED COST | Y65: Est. Completion Date | AC65: List outputs planned and corresponding projected cost for the upcoming reporting period | AE65: ITEM / ACTIVITY / ACTION | AF65: PROJECTED COST | AG65: Est. Completion Date | AK65: List outputs planned and corresponding projected cost for the upcoming reporting period | AM65: ITEM / ACTIVITY / ACTION | AN65: PROJECTED COST | AO65: Est. Completion Date
E66: Liberia | F66: 233825 | G66: 44621 | N66: 1.1 Communications Sp | O66: =6000+3000 -> 9000 | P66: 45230
E67: Zambia | F67: 250000 | G67: 44713 | N67: 1.1 Translation Services | O67: =0+3000 -> 3000 | P67: 45230
E68: Ghana | F68: 250000 | G68: 44713 | N68: 1.1 Printing | O68: =866+375 -> 1241 | P68: 45230
E69: Georgia | F69: 250000 | G69: 44743 | N69: 1.1 Regional Liaison | O69: =6000+3540 -> 9540 | P69: 45230
E70: Vietnam | F70: 195000 | G70: 44743 | N70: 1.2 Grants to Network Members (concept note develop) | O70: =57000+86000 -> 143000 | P70: 45107
E71: Nepal | F71: 210000 | G71: 44743 | N71: 1.2 Travel (related to concept note develop) | O71: =15000+30000 -> 45000 | P71: 45107
N72: Sub Total Component 1 | O72: =SUM(O66:O71) -> 210781
E73: Maldives | F73: 250000 | G73: 44713 | N73: 2.1 Grants to Network Members (implementation - innov & tech projects)* | O73: =2900000-O24-O25-O26-O27-O28-O29-O30 -> 1438932.1 | P73: 31/09/2023
E74: Mozambique | F74: 250000 | G74: 44805 | N74: 13 - Sudan Strengthening the community-based Flood and drought preparedness and early warning system in Sudan using operational and innovative models in addition to Satellite-based transmission technology for real-time automatic water level telemetry system (Cofunded by CTCN - nº5) | O74: 200000 | P74: 44926
E75: 2.1 Grants to Network Members (implementation - enabling env projects)* | N75: 14 - Mozambique : Pay as you irrigate | O75: 250000 | P75: 45107
E76: 3.1 Communications Sp | F76: 6000 | G76: 44641 | N76: 15 - Mali : Cartographie en temps réel du risque d’inondation sur le territoire malien sur la base des prévisions météorologiques, de la télédétection et de l’apprentissage profond | O76: 200000 | P76: 45107
E77: 3.1 IT Services | F77: 4000 | N77: 16 - Malawi Using simple mobile technologies to scale up digital collection & processing of climate observations for adaptation actions | O77: 200000 | P77: 45107
E78: 3.1. Grants to Network Members (Lessons l earned) | F78: 15000 | N78: 17- To be selected | O78: 0 | P78: 45199
E79: 3.2 Communications Sp | F79: 6000 | G79: 44641 | N79: 18- To be selected | O79: 0 | P79: 45199
E80: 3.2 Translation Services | F80: 2000 | N80: 19- To be selected | O80: 0 | P80: 45199
E81: 3.3 Travel | F81: 0 | N81: 2.1 Grants to Network Members (implementation - enabling env projects)* | O81: =600000-O33-O34 -> 189632.98 | P81: 31/09/2023
N82: 20- To be selected | O82: 0
N83: 21- To be selected | O83: 0
N84: 22- To be selected | O84: 0
E85: Sub Total Component 1 to 3 | F85: =SUM(F59:F81) -> 2061731 | N85: 23 - To be selected | O85: 0 | P85: 45199
E86: EC.Prog. Manager | F86: =F41 -> 17000 | N86: 24- To be selected | O86: 0 | P86: 45199
E87: EC. Procurement Officer | F87: 30000 | N87: 25- To be selected | O87: 0 | P87: 45199
N88: Sub Total Component 2 | O88: =O73+O81 -> 1628565.1
E89: EC.Technical Specialist | F89: =F43 -> 6000 | N89: 3.1 Communications Sp | O89: =6000+1500 -> 7500 | P89: 45230
E90: EC.Office Equipment | F90: 4000 | N90: 3.1 IT Services | O90: =4000+4000 -> 8000
E91: EC. Procurement Officer | F91: 500 | N91: 3.1. Grants to Network Members (Lessons l earned) | O91: =20000+15000 -> 35000
E92: EC.Travel | F92: 60000 | N92: 3.2 Communications Sp | O92: =6000+1500 -> 7500 | P92: 44641
E93: EC. Terminal Evaluation | F93: 0 | N93: 3.2 Translation Services | O93: =2000+2000 -> 4000
E94: Sub total Execution costs | F94: =SUM(F86:F93) -> 117500 | N94: 3.2 Audio/Video Services | O94: =2000+2000 -> 4000
E95: Sub total Components and EC | F95: =F94+F85 -> 2179231 | N95: 3.2 Printing | O95: =2000+231.28 -> 2231.28 | P95: 44804
E96: Implementing Entity fee | F96: 203585 | N96: 3.3 Grants to Network Members (Tech investment proposals) | O96: =20000+15000 -> 35000
E97: TOTAL | F97: =F95+F96 -> 2382816 | N97: 3.3 Travel | O97: 0 | W97: TOTAL | X97: =SUM(X66:X96) -> 0 | AE97: TOTAL | AF97: =SUM(AF66:AF96) -> 0 | AM97: TOTAL | AN97: =SUM(AN66:AN96) -> 0
N98: Sub Total Component 3 | O98: =SUM(O89:O97) -> 103231.28
N99: Sub Total Component 1 to 3 | O99: =O72+O88+O98 -> 1942577.3
N100: EC.Prog. Manager | O100: =17000+5750 -> 22750
N101: EC. Procurement Officer | O101: =20000+30000 -> 50000
N102: EC.Technical Specialist | O102: =6000+0 -> 6000
N103: EC.Office Equipment | O103: =2000+4000 -> 6000
N104: Project Dashboard | O104: =500+500 -> 1000
N105: EC.Travel | O105: =30000+60000 -> 90000
N106: EC. Terminal Evaluation | O106: 0
N107: Sub total Execution costs | O107: =SUM(O100:O106) -> 175750
...

Sheet Risk Assesment
C3: RISK ASSESSMENT
C7: IDENTIFIED RISKS
C8: List all Risks identified in project preparation phase and what steps are being taken to mitigate them
C9: Identified Risk | D9: Current Status | E9: Steps Taken to Mitigate Risk
C10: Delays in contracting Network Members may slow implementation | D10: Low | E10: • The use of UNON’s two-stage bidding process was agreed to for the recruitment of Implementing Partners (CTCN Network Members) for the implementation of UNEP CTCN AFCIA Technical Assistance projects. This well-established procurement process allows for contracting of Network Members to be efficiently planned within 4-6 months, without causing delays to the implementation schedule.
C11: Challenges in coordination between National Designated Entities (NDEs) and Adaptation Fund Designated Authorities (DAs) may impact the quality of submissions | D11: Low | E11: • Outreach and communication activities aiming at generating a common understanding of the project, as well as on the roles of both NDEs and DAs, are being conducted successfully. • Joint discussions between PP, NDE, DA are being encouraged and often facilitated by CTCN during the development of project concept notes, and as TA projects start implementation.
C12: The lack of enabling environment to encourage and support innovation limits national buy-in | D12: Low | E12: • At the project concept note development stage, engagement of national designated entities to the technology mechanism (NDEs) and national focal points to the Adaptation Fund (DAs) is encouraged, allowing for greater national ownership and for a better understanding of the importance of innovative adaptation technologies. • All project proposals to be implemented by Network Members include costed capacity building activities for national counterparts and key stakeholders, using different modalities depending on the project.
C13: Not enough high quality requests are received | D13: Medium | E13: • A communication strategy/outreach plan is being implemented. Potential project proponents are encouraged to work with NDE and DA and CTCN deliver targeted support during the early stage of technology concept note development to enhance the quality of submissions. During the period from October 2021 to October 2022, the following webinars were held to build capacity and increase quality of requests submitted: - For Africa region, a webinar was held on 31st of July 2022, - for LAC the webinar was organized on July 12th 2022. - For Asia, no webinars but bilateral calls were scheduled with the LDCs. - For Africa and LAC, special sessions on AFCIA were organized during the Climate Weeks in presence of most of the NDEs of the region. Asia didn’t have any Climate Week organized this year. • During the 1st call for projects, 13% of the application were classified as non-eligible. This percentage decreased to 8% in the second call which demonstrates the benefit of the webinars and knowledge transfer sessions that were organized. The third call for projects received alone more than 200 applications (more than the sum of the 2 first calls) from which 42% was deemed not eligible. This can be explained by the fact that the 3rd call was intensively promoted not only amongst NDEs, but also amongst research centers, universities, think tanks, private sectors, as well as local municipalities. These applicants have lower knowledge and many did not attend the webinars organised. Despite the efforts made to build knowledge and capacity of applicants, only a small part of the 100 applications eligible received through the third call for proposals respond to all selection criteria of the AFCIA programme. CTCN will work with selected applicants to transform the concept notes selected into strong proposals
C14: Transformational change cannot be achieved through micro-grants | D14: Low | E14: • Eligibility and prioritization criteria are systematically applied during evaluation of submissions and ensure that the micro-grants are linked to national plans and consistent with NDCs, NAPs and other relevant commitments. • CTCN technical advice/support provided at early stages of development of the technology concept aims to strengthen these linkages and the quality of requests received, as well as the potential for transformational change of these projects. • Support is scheduled to be provided to prepare 2 proposals for scaled up investment through the Adaptation Fund full size innovation window or other relevant financing mechanisms. One concept note that precedes the full scale proposal is already under formulation and is expected to be submitted in Dec 2022 to the AF for review and approval .The other Full proposal has not yet been selected.
C15: Gender considerations are not adequately taken into account during the design and implementation of innovation grant. | D15: Low | E15: • Selection criteria used to select the technology concepts include one indicator on gender and youth empowerment. • UNEP Environmental and Social Safeguard screening including gender aspects is being developed for all selected project. • CTCN Gender Mainstreaming Tool (Gender Toolkit) is being applied. • IPs/Network Members are required to report on gender indicators. • IPs are further required to include in their proposals at least one gender expert and allocate a minimum of 1% of total budget to gender activities.
C16: Funding for scaled-up implementation is not available | D16: Low | E16: • CTCN eligibility and prioritization criteria include market-based criteria which helps select innovation technology concepts with the greatest chance to scale up. • Project concept notes are designed aiming at enhancing the potential for scale up innovations supported through the projects, requiring IPs/Network Members to provide information on financing mechanisms and/or costed actions plans for upscaling. *Mitigation measures have been put in place, and risk level has been adjusted accordingly.
C17: Innovations trigger mal-adaptation | D17: Low | E17: • UNEP Environmental and Social Safeguard (ESS) screening is conducted for each project and include a safeguard around Climate Change and Disaster Risks looking at the issue of climate vulnerability and maladaptation • Project concept notes are developed to avoid potential maladaptation risks and include robust M&E frameworks that are applied throughout project implementation.
C22: Critical Risks Affecting Progress (Not identified at project design)
C23: Identify Risks with a 50% or > likelihood of affecting progress of project
C24: Identified Risk | D24: Current Status | E24: Steps Taken to Mitigate Risk
C25: Covid-19 risk | D25: Low - The situation has positively evolved during the reporting period covering October 2021 to October 2022. Int the last couple of months COVID-19 dissemination has been spreading again globally but the dangerous of the disease remain much lower than in the past. Travels remain possible and most of the countries have cancelled the COVID-19 restrictions measures. | E25: The risk has been lowered from Medium to Low as COVID-19 restrictions have currently disappeared for most of the countries This risk has been reduced to low in October 2022.. Should the risk increases again, the IP/Network Member will engage local consultants with previous experience with relevant local stakeholders to facilitate flow of information. Data collection will be performed adhering to applicable Health &Safety rules in the country at the moment. CTCN will provide tools for remote collaboration and engagement. Unused travel budget may be repurposed to complement remote collaboration tools or additional related costs stemming from Covid-19 situation. In all ongoing and new projects starting implementation, the CTCN requires the network partners to organize in-person events whenever possible in order to ensure that the impact of COVID-19 can be compensated while restrictions have been cancelled.
C26: Political Risks | D26: Medium- Situation in some countries in Africa, Asia and the SIDs is unpredictable. A current project has been put on hold due to a change of government. | E26: The focal points (NDE, DA) and the CTCN have established a good working relationships and communication channels. UNEP field and regional office may be used should emergency communications be needed. During this reporting period, one case of political risk occurred, with the project in Bahamas. Due to a change of government, the ministry responsible for this project was requested to step back from the implementation of this project. Meetings with the NDE and with other relevant stakeholders were undertaken to understand whether another governmental institution could replace the Ministry. Discussions are still ongoing. The project has been put on hold until a institutional and consensual decision could be taken in and by the country and the project might very well be cancelled. Consequently the risk has been increased to Medium. So far, no TAs selected under AFCIA have been indirectly impacted by the war in Ukraine and associated risk of inflation.
C27: Force Majeure | D27: Low - Situation in some countries in Africa, Asia and the SIDs is unpredictable. | E27: IP/Network Members are following the guidance below as they implement AFCIA projects: - Defining a well-structured working plan and an adapted monitoring system to follow up closely any potential issues which might delay the implementation of this readiness - Ensuring a timely updates, with regular meetings between the IP and the NDE/DA to plan and scrutinize well in advance all potential and upcoming obstacles (e.g. defining urgency procedures to overcome delay of disbursement) - Providing suitable means to shift to adaptable modes of work, for example virtual meetings (e.g. training and providing internet package to local targeted stakeholders).
C31: Risk Measures: Were there any risk mitigation measures employed during the current reporting period? If so, were risks reduced? If not, why were these risks not reduced?
C32: Add any comments relevant to risk mitigation (word limit = 500)
C33: The COVID19 risks has been lowered from Medium to Low in October 2022 cosidering that most countries have no more active restrictions related to COVID19. The risk of receiving not enough good-quality proposals has been increased to Medium based on the experience of the third call for proposal. Politcal Risk has been increased from Low to Medium following the situation in Bahamas where the project had to be be put on hold following a change in Government in 2022.

Sheet ESP Compliance
C3: ENVIRONMENTAL AND SOCIAL POLICY COMPLIANCE
C6: SECTION 1: IDENTIFIED ESP RISKS MANAGEMENT
C8: Was the ESP risks identification complete at the time of funding approval? [1]
C10: ESP principle [2] | D10: Are environmental or social risks present as per table II.K (II.L for REG) of the proposal? [3] | E10: During project/programme formulation, an impact assessment was carried out for the risks identified. Have impacts been identified that require management actions to prevent unacceptable impacts? (as per II.K/II.L) [4] | F10: List the identified impacts for which safeguard measures are required (as per II.K/II.L) | G10: List here the safeguard measures (i.e. avoidance, management or mitigation) identified for each impact that are supposed to be (or had to be) implemented during the reporting period. Please break down the safeguard measures by activity. [5] | H10: List the monitoring indicator(s) for each impact identified. [6] | I10: State the baseline condition for each monitoring indicator | J10: Describe each safeguard measure that has been implemented during the reporting period [7] | K10: Describe the residual impact for each impact identified - if any - using the monitoring indicator(s) [7] | L10: Describe remedial action for residual impacts that will be taken. [7]
C11: 1 - Compliance with the law
C12: 2 - Access and equity
C13: 3 – Marginalized and vulnerable Groups
C14: 4 – Human rights
C15: 5 – Gender equality and women’s empowerment
C16: 6 – Core labour rights
C17: 7 – Indigenous peoples
C18: 8 – Involuntary resettlement
C19: 9 – Protection of natural habitats
C20: 10 – Conservation of biological diversity
C21: 11 – Climate change
C22: 12 – Pollution prevention and resource efficiency
... C28: SECTION 2: MONITORING FOR UNANTICIPATED IMPACTS / CORRECTIVE ACTIONS REQUIRED
C30: Has monitoring for unanticipated ESP risks been carried out? | E30: YES, Safeguards Risk Identification Forms (SRIF) have been prepared and approved by UNEP for all projects funded by AFCIA. The SRIF of the three projects (Sudan, Honduras and Mongolia) entirely co-financed by CTCN will be developed during the next reporting period
C31: Have unanticipated ESP risks been identified during the reporting period? | E31: NO
C32: If unanticipated ESP risks have been identified, describe the safeguard measures that have been taken in response and how an ESMP has been prepared/updated
C35: SECTION 3: CATEGORISATION
C37: Is the categorisation according to ESP standards still relevant?
C38: If No, please describe the changes made at activity, output or outcome level, approved by the Board, that resulted in this change of categorization. | E38: There was no categorization of the safeguards risk of this project because it would depend on the micro grants identified (USPs)
C41: SECTION 4: IMPLEMENTATION ARRANGEMENTS
C43: What arrangements have been put in place by the Implementing Entity during the reporting period to implement the required ESP safeguard measures? | E43: Safeguards Risk Identification Forms (SRIF) have been developed following UNEP Environmental and Social Sustainability Framework (ESSF, approved in February 2020) and related guidance on Environmental and Social Safeguards and Stakeholder Response mechanisms. They have been reviewed and approved by UNEP Environmental and Social Safeguard Officer for all project funded by AFCIA. Same procedure will be applied for the projects selected during the last and third call for projects (which was closed on September 30th - requests are under evaluation) and for projects entirely co-financed by CTCN.
C44: Have the implementation arrangements been effective during the reporting period? | E44: Yes. All projects funded by AFCIA have an approved SRIF aligned with related UNEP ESSF and related guidance. All projects have been ranked "low risk" . The three projects entirely co-financed by CTCN have followed another risk identification process but SRIF will be developed during the next reporting period. For all project, mitigation actions have been defined to limit the idetnified risks.
C45: What arrangements have been put in place by each Executing Entity during the reporting period to implement the required ESP safeguard measures? | E45: CTCN as the Executing Entity for the AFCIA program has followed UNEP Environmental and Social Sustainability Framework (ESSF, approved in February 2020) and related guidance on Environmental and Social Safeguards and Stakeholder Response mechanisms, in alignment with relevant UN EMG guidance and with that its partners such as the Adaptation Fund. The following arrangements have been put in place by CTCN during the reporting period: • CTCN has ensured that all AFCIA applications selected where eligible and prioritized based on a set of criteria including "Eligibility Criteria", "Prioritization criteria" and "Balancing Criteria". These criteria aims to confirm that the project is aligned with national priorities, that they have been endorsed by NDEs, that they promote women empowerment, as well as have direct and clear impact on Climate Change and that the project should generate environmental, social and economical benefits. • CTCN has conducted a deeper analysis of the ESS impacts of all projects funded by AFCIA once officially selected through filling in the Safeguard Risk Identification Form (SRIF). This second step of the process takes into consideration the identification of potential environmental and social risks and impacts associated with the proposed activities, as per UNEP´s ESSF. Assignment of a risk category to AFCIA projects, as per UNEP guidance and in consultation with UNEP´s ES Safeguard Advisor, takes into consideration a range of factors, including the nature, type, scale and duration of project activities. Thus far, only AFCIA submissions ranked with a low ESS risk were implemented under the AFCIA program. Once approved by UNEP ESS manager, all SRIF are uploaded online, and publicly available on CTCN webpage. • CTCN has also used UNEP´s ES principles and safeguards to strengthen the sustainability of the prioritized submissions, while working with Project Proponents, Designated National Authorities (NDEs), DNAs, during the design of AFCIA project concept notes. • CTCN also follows UNEP´s procedures on stakeholder response mechanisms to establish a Grievance Redress Mechanism (GRM) for the programme ensuring greater sustainability and accountability in the implementation of AFCIA projects. Information about the grievance redress mechanisms (GRM) is communicated during the inception meeting in presence of the stakeholders. Considering the small size of each project, UNEP has decided to use the grievance mechanism available under UNEP to cover the AFCIA programme. This grievance mechanism leads the parties to connect to a webpage from which they can raise their concern. Procedures to access the Independent Office for Stakeholder Safeguard-related Response (IOSSR) is communicated to stakeholders at the start of the implementation of each AFCIA project.
C46: Have the implementation arrangements at the EEs been effective during the reporting period? | E46: Yes. The arrangements put in place have been proven effective thus far, and have contributed in some projects to strengthen the design of project concept notes. The implementation arrangements have also been applied to the project that are under implementation. Indeed, the NDEs, DA and project proponents have been informed of UNEP safeguards, and the link to UNEP´s webpage has been shared with all of them in order to give them the possibility to contact UNEP should any risks arise during the implementation of the project.
C49: SECTION 5: PROJECTS/PROGRAMMES WITH UNIDENTIFIED SUB-PROJECTS (USPs). This section needs to be completed only if the project/programme includes USPs.
C51: Have the arrangements for the process described in the ESMP for ESP compliance for USPs been put in place? [8]
C52: Is the required capacity for ESMP implementation present and effective with the IE and the EE(s)? Have all roles and responsibilities adequately been assigned and positions filled? Please provide details. | E52: CTCN follows UNEP ESSF (aligned with AF ESP). Clear process and arrangements are in place, and procedures and roles are well defined, as per UNEP´s guidance, and in alignment with CTCN´s delivery model of Technical Assistance services. Improvements will be put in place as needed, based on lessons learned with the implementation of the first AFCIA TA projects. AFCIA projects are selected through different steps. The first steps divide the applications between the eligible and non-eligible ones based on very basic criteria: Has the correct template been used and is the request signed by the NDE and or the AF Focal points. Then, eligible applications are screened by the CTCN based on more detailed eligibility, prioritization and balancing criteria. The application with the highest score obtained though the screening are pushed to the next steps which include a meeting between the CTCN, the NDE and the Project Proponent, during which technical doubts about the requests are discussed and the procedures of the CTCN is explained and agreed. Following this step, a letter of appraisal is signed by the CTCN and shared with the NDE and project proponent(s). The SRIF is prepared and approved by UNEP safeguard officer before the first draft of the Response Plan is formulated. Only projects with low risks SRIF will be moved to the next step as clearly defined in the letter of appraisal. For low risk project, ESS risk mitigation actions are included in the SRIF but not stand alone Environmental and Social Management Plan (ESMP) is required.
C53: Has the overall ESMP been updated with the findings of the USPs that have been identified in this reporting period? [9] | E53: N/A
C55: List each USP that has been identified in the reporting period to the level where effective ESP compliance is possible. Add lines as necessary, one line for every USP identified. | D55: Has the ESMP been applied to the USP that has been identified? | E55: List all the ESP risks that have been identified for the USP | F55: Has an impact assessment been carried out for each ESP risk that has been identified for the USP? | G55: Has adequate consultation been held during risks and impacts identification for the USP? [10] | H55: Have the data used to identify risks and impacts been disaggregated by gender as required? | I55: List the environmental and social safeguard measures (avoidance, mitigation, management) that have been identified for the USP | J55: List the monitoring indicator(s) for each impact identified
C56: USP 1: [Burundi] Easily deployable water-filled flood barrier that can be used to prevent damage from flooding and to store water vapor-tight to ensure water availability in times of drought | D56: A Safeguard Risk Identification Form (SRIF) has been developed for the project and approved by UNEP ES Safeguard Officer. | E56: While all risks probability and impact levelsremain low, main risks identified through the SRIF relate to: SS 2: Climate Change and Disaster Risks: A/The selected area is expected to suffer floods and drought time as it has occurred in the past. The frequency of floods and drought are expected to increase due to climate change. This technology, is found feasible, would lead to building resilience of the local communities. B/There are local communities vulnerable to the impacts of climate change and disaster risks (e.g. considering level of exposure and adaptive capacity). | F56: All risks were rated as low during the risk screening process (SRIF) | G56: The project has analysed and has identified stakeholders who are going to be positively or negatively impacted by the project implementation in consultation with the Director´s office of the Environment and Climate Change Ministry of Environment, Agriculture and Livestock as well as with Burundi Geographic Institute. Representative of the pilot sites have been involved through the Ministry and Institute. Local communities have been informed and consulted to identify the potential risks/impacts of the project on their livelihoods, rights, wellbeing at very early stage of the process, and during the definition of the project. Representatives of the selected area will be supervising the project implementation by being part of the stakeholder´s working group in charge of driving the decision process during the implementation. | H56: Yes, the data used to identify and monitor the risks identified and expected impacts are disaggregated by gender. Gender equality is a guiding principle of the risk screening checklist (SRIF). It is mainstreamed throughout the safeguards and is also the focus of three specific questions in the SRIF. | I56: n/a | J56: n/a
C57: USP 2: [Saint Kitts and Nevis] Increase the water supply system resilience by managing aquifers recharge (MAR) and incorporating drought risks modelling as a planning tool for climate change adaptation measures | D57: A Safeguard Risk Identification Form (SRIF) has been developed for the project and approved by UNEP ES Safeguard Officer. | E57: While all risks probability and impact levelsremain low, main risks identified through the SRIF relate to: SS 2: Climate Change and Disaster Risks: A/areas that are now or are projected to be subject to natural hazards such as extreme temperatures, earthquakes, extreme precipitation and flooding, landslides, droughts, severe winds, sea level rise, storm surges, tsunami or volcanic eruptions in the next 30 years. The selected area is expected to suffer dry spells and drought conditions, high flooding and landslides, as it has occurred in the past. | F57: All risks were rated as low during the risk screening process (SRIF) | G57: In consultation with national stakeholders, the Department of Environment, Ministry of Environment and Cooperatives of the government of SKN, water services providers, departments responsible for water resource management and economic development and water users, the project has analysed and identified stakeholders who would be positively or negatively impacted by the project implementation. Representative of the pilot sites have been involved through the Ministry and Institute. Local communities have been informed and consulted through the local representative and a project briefing note has been published by the Department of Environment SKN in January 2022 | H57: Yes, the data used to identify and monitor the risks identified and expected impacts are disaggregated by gender. Gender equality is a guiding principle of the risk screening checklist (SRIF). It is mainstreamed throughout the safeguards and is also the focus of three specific questions in the SRIF | I57: n/a | J57: n/a
C58: USP 3: [Bahamas] Developing a national framework for the standardization of stalls and procedures for a climate smart street side vendor in the Bahamas. The project in Bahamas is on hold at the moment due to a change of government in the country. Please refer to Footnote 1 in the "Financial Data" Sheet for further details. | D58: A Safeguard Risk Identification Form (SRIF) has been developed for the project and approved by UNEP ES Safeguard Officer. | E58: While all risks probability and impact levelsremain low, main risks identified through the SRIF relate to: SS 2: Climate Change and Disaster Risks A/Areas that are now or are projected to be subject to natural hazards such as extreme temperatures, earthquakes, extreme precipitation and flooding, landslides, droughts, severe winds, sea level rise, storm surges, tsunami or volcanic eruptions in the next 30 years. Bahamas is highly vulnerable to extreme climate events such as hurricanes. SS 6: Displacement and Involuntary Resettlement. B/Full or partial physical displacement or relocation of people (whether temporary or permanent). The project will develop a framework and feasibility study to implement standardization of stalls and a sustainable program for the establishment of open green spaces for Street Side Vendors, with the aim of reallocating street-side vendors from unsafe locations to open green spaces, to organize the informal sector of the economy into a more formalized sector. | F58: All risks were rated as low during the risk screening process (SRIF) | G58: The project has analysed and has identified stakeholders who are going to be positively or negatively impacted by the project implementation in consultation with the Ministry of Agriculture and Marine Resources (MAMR). The MAMR is designated to implement a sustainable development plan for street side vendors, and the technical assistance will contribute to the implementation of this initiative. The participation of women and youth as well local communities have been infomed by the project proponent and the NDE. | H58: Yes, the data used to identify and monitor the risks identified and expected impacts are disaggregated by gender. Gender equality is a guiding principle of the risk screening checklist (SRIF). It is mainstreamed throughout the safeguards and is also the focus of three specific questions in the SRIF | I58: n/a | J58: n/a
C59: USP 4: [Liberia] Upscaling lowland rice production to improve food security through improved solar powered irrigation practices | D59: A Safeguard Risk Identification Form (SRIF) has been developed for the project and approved by UNEP ES Safeguard Officer. | E59: While all risks probability and impact levelsremain low, main risks identified through the SRIF relate to: SS 2: Climate Change and Disaster Risks A/ The selected areas are now or are projected to be subject to natural hazards such as extreme temperatures, earthquakes, extreme precipitation and flooding, landslides, droughts, severe winds, sea level rise, storm surges, tsunami or volcanic eruptions in the next 30 years. The historical climate change scenarios include increased average annual temperatures of 0.8°C throughout the country, a 15.7% increase of hot nights which lead to decline in mean annual rainfall. Agriculture is a major sector of Liberia employing more than 70% of the population. B/ Local communities vulnerable to the impacts of climate change and disaster risks (e.g. considering level of exposure and adaptive capacity). SS 7: Indigenous Peoples : C/ Areas where indigenous peoples are present, or uncontacted or isolated indigenous peoples inhabit or where it is believed these peoples may inhabit. In Liberia there are at least sixteen ethnic groups. The small Dei group lives in Montserrado County near the coast and Monrovia, primarily between the Lofa and St. Paul rivers. Gbandi and Mende also live in upper Lofa County. No indigenous people have been identified to live in Bong County. The rating of the safeguards has been scored as level 2 as it is unknown at this stage if the project will be implemented in Lofa or in Bong. | F59: All risks were rated as low during the risk screening process (SRIF) | G59: The project has analysed and has identified stakeholders who are going to be positively or negatively impacted by the project implementation in consultation with the Environmental Protection Agency of Liberia and the Ministry of Agriculture, Division of Land Development and Water Resources, Department of technical Services of Liberia. Representative of the pilot sites have been involved through the EPA and the Ministry of Agriculture. Local communities have been informed and consulted to identify the potential risks/impacts of the project on their livelihoods, rights, wellbeing at very early stage of the process, and during the definition of the project. Representatives of the selected area will be supervising the project implementation by being part of the stakeholder´s working group in charge of driving the decision process during the implementation. | H59: Yes, the data used to identify and monitor the risks identified and expected impacts are disaggregated by gender. Gender equality is a guiding principle of the risk screening checklist (SRIF). It is mainstreamed throughout the safeguards and is also the focus of three specific questions in the SRIF | I59: an/a | J59: n/a
C60: USP 5: [Zambia] Aquifer mapping technologies for Zambia | D60: A Safeguard Risk Identification Form (SRIF) has been developed for the project and approved by UNEP ES Safeguard Officer. | E60: While all risks probability and impact levelsremain low, main risks identified through the SRIF relate to: SS 1: Biodiversity, Ecosystems and Sustainable Natural Resource: A/adverse impacts specifically to habitats that are legally protected, officially proposed for protection, or recognized as protected by traditional local communities and/or authoritative sources (e.g., National Park, Nature Conservancy, Indigenous Community Conserved Area, (ICCA); etc.) The rating of the safeguards has been scored as a risk - level 2 as the project will be implemented in an unknown location and should impact the country at national level. SS 2: Climate Change and Disaster Risks. B/Areas that are now or are projected to be subject to natural hazards such as extreme temperatures, earthquakes, extreme precipitation and flooding, landslides, droughts, severe winds, sea level rise, storm surges, tsunami, or volcanic eruptions in the next 30 years. Water crisis is being experienced in most parts of Zambia especially in drought prone areas. The situation has worsened due to the drying up of surface water resources which much of the population depends on. The reduced amount of rainfall being received because of climate change has negatively affected the water levels of the highly dependent surface water resources. SS 7: Indigenous Peoples : C/ areas where indigenous peoples are present, or uncontacted or isolated indigenous peoples inhabit or where it is believed these peoples may inhabit. The rating of the safeguards has been scored as level 2 as the project will be implemented in an area that has not yet been selected, and will directly impact the country, at national level. | F60: All risks were rated as low during the risk screening process (SRIF) | G60: The project has analysed and has identified stakeholders who are going to be positively or negatively impacted by the project implementation in consultation with the Ministry of Technology and Science and the Ministry of Water Development and Sanitation of Zambia. Local communities and governmental entities have been informed and consulted to identify the potential risks/impacts of the project on their livelihoods, rights, wellbeing at very early stage of the process, and during the definition of the project through the Ministry of Technology and Science and the Ministry of Water Development and Sanitation of Zambia. Representatives of the selected area will be supervising the project implementation by being part of the stakeholder´s working group in charge of driving the decision process during the implementation. | H60: Yes, the data used to identify and monitor the risks identified and expected impacts are disaggregated by gender. Gender equality is a guiding principle of the risk screening checklist (SRIF). It is mainstreamed throughout the safeguards and is also the focus of three specific questions in the SRIF | I60: n/a | J60: n/a
C61: USP 6: [Ghana] Promoting and upscaling appropriate solar irrigation technology options for smallholder farmers in Ghana through innovative climate adaptation financing mechanisms, a conducive policy framework for technology regulation and tailored training modules | D61: A Safeguard Risk Identification Form (SRIF) has been developed for the project and approved by UNEP ES Safeguard Officer. | E61: While all risks probability and impact levelsremain low, main risks identified through the SRIF relate to: SS 2: Climate Change and Disaster Risks A/areas that are now or are projected to be subject to natural hazards such as extreme temperatures, earthquakes, extreme precipitation and flooding, landslides, droughts, severe winds, sea level rise, storm surges, tsunami or volcanic eruptions in the next 30 years. Ghana’s 4th National communication to the UNFCCC indicates that temperatures in the country are most likely to increase by at least 3ºC by 2080 nationwide with the savanna regions recording temperatures above 30ºC. The impact of this increased temperature includes a decrease in the length of the wet season, an increase in the number of dry days per month, heatwaves and potential evapotranspiration leading to increasing risk of droughts. B/ local communities vulnerable to the impacts of climate change and disaster risks (e.g. considering level of exposure and adaptive capacity. The agriculture sector in Ghana employs about 47% of the country’s labour force, most of which are smallholder farmers. SS 7: Indigenous Peoples C/Areas where indigenous peoples are present or uncontacted or isolated indigenous peoples inhabit or where it is believed these peoples may inhabit The rating of the safeguards has been scored as level 2 as the project will be implemented at national level. | F61: All risks were rated as low during the risk screening process (SRIF) | G61: The project has analysed and has identified stakeholders who are going to be positively or negatively impacted by the project implementation in consultation with the Environmental Protection Agency of Ghana. Local communities and governmental entities have been informed and consulted to identify the potential risks/impacts of the project on their livelihoods, rights, wellbeing at very early stage of the process, and during the definition of the project through the Environmental Protection Agency of Ghana. | H61: Yes, the data used to identify and monitor the risks identified and expected impacts are disaggregated by gender. Gender equality is a guiding principle of the risk screening checklist (SRIF). It is mainstreamed throughout the safeguards and is also the focus of three specific questions in the SRIF | I61: n/a | J61: n/a
C62: USP 7: [Vietnam] Localization of water resources management technology to adapt to climate change in Hong-Thai Binh river basin | D62: A Safeguard Risk Identification Form (SRIF) has been developed for the project and approved by UNEP ES Safeguard Officer. | E62: While all risks probability and impact levelsremain low, main risks identified through the SRIF relate to: SS 2: Climate Change and Disaster Risks : A/areas that are now or are projected to be subject to natural hazards such as extreme temperatures, earthquakes, extreme precipitation and flooding, landslides, droughts, severe winds, sea level rise, storm surges, tsunami or volcanic eruptions in the next 30 years. Vietnam was ranked by the Global Climate Risk Index 2020 as the sixth country in the world most affected by climate variability and extreme weather events over the period 1999-2018. SS 7: Indigenous Peoples: B/areas where indigenous peoples are present or uncontacted or isolated indigenous peoples inhabit or where it is believed these peoples may inhabit. The rating of the safeguards has been scored as level 2 as the project will be implemented in areas where indigenous peoples and ethnic minority groups live, though most of the activities of the project are related to environmental/water planning and management data and information. | F62: All risks were rated as low during the risk screening process (SRIF) | G62: The project has analysed and has identified stakeholders who are going to be positively or negatively impacted by the project implementation, in consultation with the Ministry of Natural Resources of Vietnam, and the North Division for North Division for Water Resources Planning and Investigation of the National Centre for Water Resources Planning and Investigation. The participation of women and youth will be proactively encouraged throughout the implementation as per UN/CTCN rules. Local communities have been encouraged to engage with the project at initial stage and will be invited to provide their feedbacks during the implementation through the local government representatives and the Implementing Partner. | H62: Yes, the data used to identify and monitor the risks identified and expected impacts are disaggregated by gender. Gender equality is a guiding principle of the risk screening checklist (SRIF). It is mainstreamed throughout the safeguards and is also the focus of three specific questions in the SRIF | I62: n/a | J62: n/a
C63: USP 8: [Maldives] Establishment of a skimming well gallery system for agricultural use in HDh.Nolhivaranfaru of Maldives | D63: SRIF has been approved by UNEP ES Safeguard Officer. | E63: SS 2: Climate Change and Disaster Risks : Impact and probability rated as Low under the SRIF. Main risks identified are: A/outputs and outcomes sensitive or vulnerable to potential impacts of climate change (e.g. changes in precipitation, temperature, salinity, extreme events). The risk level is evaluated as level 2 as the effectiveness of the infiltration gallery system being piloted may be impacted by extreme weather events and by e.g. changes the amount of precipitation and surface runoff. SS 3: Pollution Prevention and Resource Efficiency : Impact and probability rated as 2 under the SRIF. Main risks identified are: B/Significant consumption of energy, water, or other material inputs. Though no significant consumption of material inputs is expected, risk level is assessed as level 2. It is noted that the gallery system to be installed requires gravel to encase the gallery pipeline. Measures have been taken in tendering to avoid utilization of local coral gravel (as per government regulations); gravel will likely be imported from overseas | F63: All risks were rated as low during the risk screening process (SRIF) | G63: The project has analysed and has identified stakeholders who are going to be positively or negatively impacted by the project implementation, in consultation with the Water and Sanitation Department of the Ministry of Environment, Climate Change and Technology. The project will ensure that the participation of local stakeholders (those who may be affected positively or negatively by project activities), including women and youth, is proactively sought throughout the implementation as per UN/CTCN rules. Local communities where the gallery infiltration system will be piloted, as well as governmental entities and other key stakeholders have been and will be consulted throughout the implementation of the technical assistance through the Ministry of Environment, Climate Change and Technology, as well as the Environmental Protection Agency of Maldives. | H63: Yes, the data used to identify and monitor the risks identified and expected impacts are disaggregated by gender. Gender equality is a guiding principle of the risk screening checklist (SRIF). It is mainstreamed throughout the safeguards and is also the focus of three specific questions in the SRIF | I63: n/a | J63: n/a
C64: USP 9: [Nepal] Customized weather and climate information system for climate-resilient agriculture in Nepal | D64: Safeguard Risk Identification Form (SRIF) has been approved by UNEP ES Safeguard Officer. | E64: While all risks probability and impact levelsremain low, main risks identified through the SRIF relate to: SS 2: Climate Change and Disaster Risks. A/ areas that are now or are projected to be subject to natural hazards such as extreme temperatures, earthquakes, extreme precipitation and flooding, landslides, droughts, severe winds, sea level rise, storm surges, tsunami or volcanic eruptions in the next 30 years. The project is designed to help address projected climate impacts to rural farmer communities of Nepal. Climate change-induced risks threaten Nepal’s water dependent, climate sensitive agriculture sector, which alone employs over 2/3 of the country’s labour force and plays a key role in the livelihoods of 80% of the population. SS 7: Indigenous Peoples. B/ areas where indigenous peoples are present, or uncontacted or isolated indigenous peoples inhabit or where it is believed these peoples may inhabit. The rating of the safeguards has been scored as level 2 as it is unknown at this stage if the project will be implemented in areas involving indigenous peoples. | F64: All risks were rated as low during the risk screening process (SRIF) | G64: The project has analysed and has identified stakeholders who are going to be positively or negatively impacted by the project implementation in consultation with the Ministry of Forests and Environment of Nepal, the Department of Hydrology and Meteorology, the Nepal Agriculture Research Council and Small Earth Nepal. The participation of women and youth will be proactively ensured throughout the implementation as per UN/CTCN rules. Local communities where the system will be tested have been and will be informed/engaged through the local government representatives and Small Earth Nepal (the proponent NGO) during all the stages since the definition of the project until the end of the implementation. | H64: Yes, the data used to identify and monitor the risks identified and expected impacts are disaggregated by gender. Gender equality is a guiding principle of the risk screening checklist (SRIF). It is mainstreamed throughout the safeguards and is also the focus of three specific questions in the SRIF | I64: n/a | J64: n/a
C65: USP 10: [Sudan ] Soil erosion valuation using advanced laboratory measurement methods to support climate resilient agriculture and food security | D65: This project fully funded by the CTCN has followed the procedures of the CTCN. Criteria such as the technology apsects of the technical assistance were analysed to make sure the technology was innovative and transformative in the context of Sudan. Risk identification and mitigation solutions were listed and proposed, expected climate chnage risks and benefits were defined and reported in a matrix, co -benefits with the SDG were considered. In addition, a SRIF will be developed in the next reporting period | E65: The risk analysis included: the risk, the consequence, the probability and the mitigation measures. For this project, environmental risks were defined as low as the technology used will mainly provide maps and enabling the definition of a decision making tool. The social and economical risks were also estimated as low. The "availability of data" was rated "medium" as the quality of the information in Sudan was unknown. The political risks were also rated as medium. | F65: As per UNEP policy, impact assessments should be carried out only for Medium to High risks. SRIF will be developed and impact assessment developed if needed. | G65: Yes, an exaustive list of stakeholders was defined along with the NDE and project proponent and all these stakeholders were informed about the project before it was approved, gender considerations were included. Since the reception of the requets until the contract was signed with the implementer (from May to October), at least 5 virtual meetings were organized in presence of the selected Implementing Partner, the NDE, the project proponent, as well as gender experts, national experts on agriculture, and other stakeholders as deemed relevant by the country. | H65: Yes, as per the rules of the CTCN all data used to identify risks and impacts has been disaggregated by gender. | I65: SRIF will be developed and environmental and social safeguard measures identified for risk rated medium to high as per UNEP rules and procedures | J65: SRIF will be developed and further assessments and monitoring indicators developed if necessary (for medium to high risks) as per UNEP rules and procedures.
C66: USP 11: [Honduras] Designing nature-based solutions with an ethnic and gender-equity approach, to increase the resilience of rural mountain communities in protected natural areas affected by extreme weather events in Honduras | D66: This project fully funded by the CTCN has followed the procedures of the CTCN. Criteria such as the technology apsects of the technical assistance were analysed to make sure the technology was innovative and transformative in the context of Honduras. Risk identification and mitigation solutions were listed and proposed, expected climate change risks and benefits were defined and reported in a matrix, co -benefits with the SDG were considered. In addition, a SRIF will be developed in the next reporting period | E66: The risk analysis included: the risk, the consequence, the probability and the mitigation measures. For this project, environmental risks were defined as medium as the project would be implemented under a natural protected area. Social risks were also rated as medium as the project will be implemented under rural mountain communities. | F66: As per UNEP policy, impact assessments should be carried out only for Medium to High risks. SRIF will be developed and impact assessment developed if needed. | G66: Yes, an exhaustive list of stakeholders was defined along with the NDE and project proponent and all these stakeholders were informed about the project before it was approved, gender considerations were included Since the project will be implemented in local communities, the project proponent ensured the connection with the local community that had been involved and informed of the preparation of the request before it was submitted to the AFCIA programme. Due to a language barrier, all previous meetings were held by the project proponent. The response plan, once drafted and before it was signed by all parties was explained to the community by the project proponent. | H66: Yes, as per the rules of the CTCN all data used to identify risks and impacts has been disaggregated by gender. | I66: SRIF will be developed and environmental and social safeguard measures identified for risk rated medium to high as per UNEP rules and procedures | J66: SRIF will be developed and further assessments and monitoring indicators developed if necessary (for medium to high risks) as per UNEP rules and procedures.
C67: USP 12: [Mongolia] Enhancing climate resilience and economic sustainability of livestock farming in a rural community of Mongolia | D67: This project fully funded by the CTCN has followed the procedures of the CTCN. Criteria such as the technology apsects of the technical assistance were analysed to make sure the technology was innovative and transformative in the context of Mongolia. Risk identification and mitigation solutions were listed an d proposed, expected climate change risks and benefits were defined and reported in a matrix, co -benefits with the SDG were considered. In addition, a SRIF will be developed in the next reporting period | E67: The risk analysis included: the risk, the consequence, the probability and the mitigation measures. For this project, environmental risks were defined as low, social risks were defined as low. Communication risks were defined as Medium as before virtual connection with rural comunities in Mongolia could be challenging. For the same reasons the involvement of the community has also been rated as medium | F67: As per UNEP policy, impact assessments should be carried out only for Medium to High risks. SRIF will be developed and impact assessment developed if needed. | G67: Yes. an exhaustive list of stakeholders was defined along with the NDE and project proponent and all these stakeholders were informed about the project before it was approved, gender considerations were included The role of the project proponent has been key to ensure the involvement and communication with the community. The programme proponent selected a community which whom he had worked before. The community was involved, through the project proponent, in the definition of the Response Plan. Visit on sites were organised during the definition of the RP and were made in local language. | H67: Yes, as per the rules of the CTCN all data used to identify risks and impacts has been disaggregated by gender. | I67: SRIF will be developed and environmental and social safeguard measures identified for risk rated medium to high as per UNEP rules and procedures | J67: SRIF will be developed and further assessments and monitoring indicators developed if necessary (for medium to high risks) as per UNEP rules and procedures.
C69: SECTION 6: GRIEVANCES
C71: Was a grievance mechanism established capable and known to stakeholders to accept grievances and complaints related to environmental and social risks and impacts?
C73: List all grievances received during the reporting period regarding environmental and social impacts; gender related matters; or any other matter of project/programme activities [11] | E73: For each grievance, provide information on the grievance redress process used and the status/outcome
C74: No grievances have been received (AFCIA project implementation are scheduled to start soon, though after the reporting period). CTCN followed UNEP´s procedures on stakeholder response mechanisms to establish a Grievance Redress Mechanism that ensures greater sustainability and accountability in the implementation of AFCIA projects. As AFCIA project implementation is now ongoing, and as per UNEP procedures, dissemination of ESS safeguards and avenues to access the grievance redress mechanisms (GRM) have been disseminated to all stakeholders of the selected projects, including the NDE of the host country, the project proponent as well as the implementer. Information about the grievance redress mechanisms (GRM) is communicated during the inception meeting in presence of the stakeholders. Considering the small size of each project, it has been decided to use the grievance mechanism available under UNEP to cover the AFCIA programme. This grievance mechanism leads the parties to connect to a webpage from which they can raise their concern. Procedures to access the Independent Office for Stakeholder Safeguard-related Response (IOSSR) is communicated to stakeholders at the start of the implementation of each AFCIA project. | E74: No grievance received so far.

Sheet GP Compliance
C3: GENDER POLICY COMPLIANCE
C6: SECTION 1: QUALITY AT ENTRY [to be completed only at PPR1]
C8: Was an initial gender assessment conducted during the preparation of the project/programme's first submission as a full proposal? | E8: No, the AFCIA project includes USPs
C9: Does the results framework include gender-responsive indicators broken down at the different levels (objective, outcome, output)? | E9: Not at framework level, but at USP level, yes, monitoring and evaluation indicators on gender are defined for selected individual projects.
C11: List the gender-responsive elements that were incorporated in the project/programme results framework
C12: Gender-responsive element [1] | D12: Level [2] | E12: Indicator | F12: Baseline | G12: Target | H12: Rated result for the reporting period (poor, satisfactory, good)
C17: SECTION 2: QUALITY DURING IMPLEMENTATION AND AT EXIT [to be completed at final PPR]
C19: List gender equality and women's empowerment issues encountered during implementation of the project/programme. For each gender equality and women's empowerment issue describe the progress that was made as well as the results. [3]
C20: Gender equality and women's empowerment issues [4] | E20: Rated result for the reporting period (poor, satisfactory, good)
C21: No issues have been encountered as implementation of AFCIA TA micro-grant projects (USPs) have yet to start.
C25: SECTION 3: IMPLEMENTATION ARRANGEMENTS
C27: What arrangements have been put in place by the Implementing Entity during the reporting period to comply with the GP | E27: UNEP has ensured that gender equality is included among the selection criteria of the proposals selected by CTCN to be funded by AFCIA. In addition, Safeguards Risk Identification Forms (SRIF) have been developed following UNEP Environmental and Social Sustainability Framework (ESSF, approved in February 2020) and related guidance on Environmental and Social Safeguards and Stakeholder Response mechanisms. Gender equality is a guiding principle of UNEP screening checklist. It is mainstreamed throughout the safeguards but is also the center of three specific questions in the first section of the SRIF to ensure the project does not have unintended negative impacts on gender equality.
C28: Have the implementation arrangements at the IE been effective during the reporting period? | E28: Yes. Criteria on Gender equality and empowerment of vulnerable groups, including women and youth has been applied during the selection process of the submitted concept notes. The SRIF have been submitted and approved by UNEP for all projects funded by AFCIA and include low risk project with low risks related to gender. Projects entirely co-financed by AFCIA will develop thier SRIF during next reporting period
C29: What arrangements have been put in place by each Executing Entity during the reporting period to comply with the GP? [5] | E29: CTCN has robust gender procedures in place to mainstream gender from the early start of the discussion on the Technical Assistance (TA) requests and the design of project concept notes, through implementation and monitoring of impacts on gender equality and women empowerment. Key tools and procedures already in place and used in developing and implementing AFCIA TA micro/grant projects include: • CTCN screening and prioritization criteria applied to all TA assistance projects (including AFCIA projects), include a gender equality and women empowerment criteria, and are aligned with UNEP ESSF (criteria 6. The request promotes and demonstrates gender equality, and empowerment of vulnerable groups, including women and youth) • CTCN Gender Mainstreaming Tool is being used to develop the response plans and guide the design, implementation and moitoring of the TAs. The tool follows a 3-step approach: 1/Perform gender analysis; 2/Develop action plan; 3/Monitor and Evaluate. The goal is to support equal participation and ensure that both women and men benefit from the project and that ineauality is not perpetuated. • IPs/Network Members are required to report on gender indicators, and provide gender disaggregated data where applicable • IPs are further required to include in their proposals at least one gender expert and allocate a minimum of 1% of total budget to gender activities
C30: Have the implementation arrangements at the EE(s) been effective during the reporting period? [5] | E30: Yes, the implementation arrangements have been effective from October 2021 to October 2022. Criteria on Gender equality and empowerment of vulnerable groups, including women and youth has been applied during the selection process of the submitted concept notes. The profiles of experts requested for each and all selected TA under AFCIA include at least one local gender expert that will oversee the implementation of the project, and provide inputs to ensure that technologies deployed are gender responsive. Gender indicators are fully integrated as part of the first two TA's deliverables including the Monitoring and Evaluation report and the impact description and will be used to assess progress. Amongst these indicators, gender participation to meetings/ events / webinars / trainings / capacity building is monitored for example. For AFCIA projects, the list of indicators defined in the results tracker and disaggregated by gender is also monitored and estimated at the beginning and the end of each project.
C31: Have any capacity gaps affecting GP compliance been identified during the reporting period and if so, what remediation was implemented? | E31: No
C34: SECTION 4: GRIEVANCES
C36: Was a grievance mechanism established capable and known to stakeholders to accept grievances and complaints related to gender equality and women's empowerment? [to be completed at PPR1]
C37: List all grievances received through the grievance mechanism during the reporting period regarding gender-related matters of project/programme activities [6] | E37: No grievance has been received so far through the Grievance Redress Mechanism estalblished for AFCIA programme and linked to UNEP's established procedures

Sheet ESP and GP Guidance notes
C3: ESP and GP Guidance Notes
C5: ENVIRONMENTAL AND SOCIAL POLICY
C7: Reference | D7: Guidance
C8: 1 | D8: The ESP requires that environmental and social risks are identified for all project/programme activities prior to funding approval. When not all the project/programme activities have been sufficiently formulated at that time so that adequate risks identification is possible, then the ESP risks identification is not complete.
C9: 2 | D9: Complete this section for all the ESP risks that have been identified, not taking into account any USPs
C10: 3 | D10: The project proposal includes an overview table of identified environmental and social risks (Section II.K of the proposal, Section II.L for regional projects). For each of the 15 principles of the ESP, please copy here the findings on the presence or absence of risks by ticking the corresponding box.
C11: 4 | D11: Only complete for those ESP principles for which risks were identified
C12: 5 | D12: The safeguard measures that must be implemented during a project/programme are normally described in detail in the ESMP of the project/programme
C13: 6 | D13: See the monitoring plan in the ESMP
C14: 7 | D14: For the first PPR report of the project/programme, this column needs to be completed with full information. For subsequent PPR reports, an update of the information previously provided is sufficient.
C15: 8 | D15: The case being, please include details on the planned timing to have all the USP implementation arrangements in place.
C16: 9 | D16: Please submit the updated ESMP together with the PPR
C17: 10 | D17: Clarify also if the grievance mechanism has been made widely known to identified and potentially affected parties
C18: 11 | D18: If any grievances were received that must not be made public, please inform the AF Secretariat of such grievances, detailing the reasons for them to remain confidential. Confidential information may be redacted by the IE in the report.
C20: GENDER POLICY
C22: Reference | D22: Guidance
C23: 1 | D23: Add lines as appropriate, one line for each gender-responsive element
C24: 2 | D24: Objective, outcome, output
C25: 3 | D25: Risks related to gender equality and women's empowerment should be reported in the ESP compliance tab
C26: 4 | D26: Add lines as appropriate, one line for each issue
C27: 5 | D27: Add lines as appropriate, one line for each executing entity
C28: 6 | D28: If any grievances were received that must not be made public, please inform the AF Secretariat of such grievances, detailing the reasons for them to remain confidential. Confidential information may be redacted by the IE in the report. This section will not be published on the AF website.

Sheet Rating
C3: RATING ON IMPLEMENTATION PROGRESS
C4: For rating definitions and text of AF outcomes please see bottom of page.
C5: Click above the columns captions in every table for guidance on reporting.
D7: Project components/outcomes | F7: Alignment with AF outcome(s) | H7: Expected Progress | J7: Progress to Date | K7: Rating
C8: Implementing Entity: | D8: Component 1: Outreach and sourcing of innovation micro-grant proposals Outcome 1: The innovation micro-grants mechanism is launched and partnerships for accessing the Adaptation Fund innovation mechanism are accelerated | F8: Outcome 8 | H8: Specific webinars about AFCIA organized for each regions. First two calls for proposal launched and a total of 12 applications selected | J8: During the period from October 2021 to October 2022, the following webinars were held to build capacity and increase quality of requests submitted: - For Africa region, a webinar was held on 31st of July 2022, - for LAC the webinar was organized on July 12th 2022. - For Asia, no webinar but bilateral calls were scheduled with the LDCs. - For Africa and LAC, special sessions on AFCIA were organized during the Climate Weeks in presence of most of the NDEs of the region. Asia didn’t have any Climate Week organized this year. The three calls for proposals were launched and closed. 12 requests have been selected through the first two calls for proposals and are under implementation among which 4 partially or entirely co-funded by the CTCN (Maldives, Sudan, Mongolia, Honduras) Additionally, 13 projects will be selected through the last call for proposal for a total of 25 projects implemented under AFCIA. From these 13, 3 concept noted have already been fully drafted. Finally, 4 requests have been abandoned to date (Chad, Georgia, Tunisia, Philippines) at advance stages: • Chad because the project proponent an NGO would not accept the procedures of the CTCN (and wanted to receive the assets and implement the project by themselves) • Georgia finalized the bidding oprocess, but the selected partner refused to sign the contract with UNEP because of tax exemption issues between Georgia and UNEP • Tunisia : same case as Chad, the project proponent, an NGO wanted to implement the project by themselves. • Philippines: same case as Chad, the project proponent, an NGO wanted to implement the project by themselves | K8: S
D9: Component 2: Micro-grants support the development and diffusion of innovative adaptation practices, tools, and technologies Outcome 2.: Adaptation innovation and technology incubation and acceleration supported by government structures and processes | F9: Outcome 8 | H9: 10 CTCN members selected | J9: 12 CTCN members have been selected to implement the 12 projects under implementation | K9: S
D10: Component 3: Concrete adaptation actions are triggered by the knowledge and evidence produced by the micro-grant mechanism Outcome 3: Experiences from the micro-grant innovation mechanism lead to scaled-up funding | F10: Outcome 8 | H10: Project dashboard populated Sharing and disseminating lessons learned and good practices included on the project dashboard Communication material developed | J10: The CTCN webpage as well as the Project dashboard (a specific page with graphs illustrating the work undertaken by the CTCN) are regularly updated. The dashboard can be found in CTCN / Technical Assistance /Facts and Figures. However no filter in the dashboard allow to differentiate AFCIA proposals from the rest of CTCN technical assistance yet. This requirement has been raised to the communication team and should be addressed at the soonest. In the webinar organized for the Africa region on the 21 July 2022 up to 28 countries participated, in LAC webinar on 12 July 2022 up to 12 countries participated. For Asia, bilateral meetings were held with at least 10 eligible countries. In addition, over 10 meetings with ICLEI were held at global and regional levels to inform them and their partners of the 3rd call for projects. Two side events organized at COP 27 in Egypt were promoting AFCIA including a joint event co-organized by CTCN - AF and UNDP at the Innovation Hub of the CTCN on November 17th, 2022 and side event organized in the European Commission pavilion, during an event about "Partnerships for the transfer, and diffusion of transformational adaptation technologies" held on Nov 12th, 2022 Emails were sent by UNEP to its adaptation, academia and universities networks to inform them about the 3rd call for projects. A success story including professional pictures taken by Reuters for the project in Burundi was prepared and publihsed by UNEP and is accessible at the following this link: https://www.unep.org/news-and-stories/story/can-portable-dam-help-africa-counter-rising-waters | K10: S
J11: Overall Rating | K11: S
D13: Please Provide the Name and Contact information of person(s) responsible for completeling the Rating section
D14: Name: | E14: Jessica Troni. UNEP Adaptation Portfolio Manager and Head of Climate Change Adaptation Unit
D15: Email: | E15: jessica.troni@un.org
C17: Please justify your rating. Outline the positive and negative progress made by the project since it started. Provide specific recommendations for next steps. (word limit=500)
D18: Project implementation is well on track based on initial workplan. The high number of applications received for the 3 call for proposals shows the large interest and need of countries for adaptation-related technical assistance. The increase in the number of eligible applications received from one call to the next (47 for the 1st, 57 for the 2nd and 104 for the 3rd) show the progresses made in reaching out to potential applicants. Stakeholders beyond CTCN focal points and governments, such as small and medium sizes cities from developing countries have been strongly encouraged to participate to the 3rd call with the help and collaboration of ICLEI. Academia, think tank, research centres of developing countries were also contacted through UNEP's networks and partnerships to foster their participation. NGOs, and private sectors were invited through the network of the CTCN composed by more than 800 institutions. This effort resulted in more than 90 proposals submitted by non-governmental stakeholder in the last call for proposal which constitute a drastic increase in comparison to the first two calls for proposal. In addition, bilateral meetings and in -person sessions on AFCIA were organized with the NDEs interested for in the 3 regions to support the preparation and the submission of high-quality proposals. Nonetheless and despite those efforts, it appeared that only a very limited number of proposals were responding to all AFCIA selection criteria among the eligible aplications of the third call for proposal drastically limiting CTCN's choice in the selection process. The still limited quality of the proposals received shows a low capacity especially among stakeholders beyond NDE including the universities, academia, think tanks and centres of research. Increased capacity building efforts among those groups would have been needed to maximise their chances of being selected. On the other hand, LDCs and SIDs are well represented among proposals submitted and selected, they represent 10 out of the 12 requests under implementation to date. 4 proposal received from the first two calls for projects are being partially or entirely co-financed by the CTCN (Maldives, Sudan, Honduras and Mongolia). Lessons learned of the first two calls for proposal have been compiled and used to inform the third and last call for proposal that was closed on Sept 30th, 2022 through two different webinars organised in July (one for Latin America and one for Africa region) with the participation of 32 countries. Sharing experiences and lessons leared will continue during project implementation. Environmental and Social Assessment (Safeguard Risk Identification Form) have been developed and approved by UNEP for each project funded by AFCIA and shared through CTCN website and to all relevant project stakeholders. All projects have been rated low risk. SRIF for the three projects fully co-financed by CTCN will have to be developed during the next reporting period. Next reporting period should be focused on ensuring an efficient implementation of the 12 AFCIA funded and co-financed projects, selecting the 13 remaining projects to be funded while putting a strong emphasis on exchange of lessons learned and putting in place strong bases to scale up the most promising adaptation technologies coming out of the programme. Finally the dashboard will need to be tailored and communication efforts pursued for greater programme visibility
D23: Project components/outcomes | F23: Alignment with AF outcome(s) N/A | H23: Expected Progress | J23: Progress to Date | K23: Rating
C24: Executing Entity/Project Coordinator: | D24: Component 1: Outreach and sourcing of innovation micro-grant proposals | F24: Outcome 8 | H24: • Outreach plan developed for 70 countries in the programme • The first (12) project concept notes for Adaptation Fund innovation micro-grants mechanism are ready for financing, aiming at achieving geographical balance and prioritizing LDCs and SIDS. | J24: A Communication Strategy and Outreach Plan was developed and is being implemented. A significant number of AFCIA outreach and dissemination events and initiatives have reached over 87 countries. These include: - CTCN Youth Climate Innovation Labs and Gender-Just Climate Solutions programmes organized every year by regions. The process is quite long (around 4 months in average). For the first time Innovation Labs were also launched in MENA region during the summer (and are still ongoing). - AFCIA regional webinars and bilateral meetings for Asia pacific region organized in July 2022 for LAC and Africa Region. Bilateral meetings in Asia have been organized throughout the reporting period ever in-person or virtually. - CTCN Regional Forums for the NDEs in 2022 (held during the Regional Climate Weeks 2022), organized in July and August 2022 respectively in LAC and Africa. The UNFCCC did not organize Climate Week in Asia in 2022. In addition the following communication efforts have been undertaken: Producing joint communication materials : one photo reportage was made by REUTERS (professional reporter) in Burundi during the piloting of the project. Dissemination of joint communication materials (videos, press releases, publication): One success story was produced and published by UNEP on the project in Burundi project Dissemination of project updates (via CTCN website). Regular newsletters published by UNEP and CTCN promoting the bidding processes recently launched. Events: One side event at COP 27 organized jointly between the AF, the CTCN and UNDP at the UNFCCC Innovation Hub on Nov 17th, 2022. The project in Burundi was also promoted during a side event organized in the European Commission pavilion, during an event about "Partnerships for the transfer, and diffusion of transformational adaptation technologies" held on Nov 12th, 2022. 12 projects are currently under implementation. | K24: S
D25: Component 2: Micro-grants support the development and diffusion of innovative adaptation practices, tools and technologies | F25: Outcome 8 | H25: • In the initial version of the contract, the selection of contracting of the projects was supposed to take place throughout the implementation of the programme fron 2020 to 2025 (for a total of 25 inlcuding 5 project co-financed by CTCN). During last IPR a change of budget was requested in order to reflect that all the projects will be selected from the 3 calls (all closed) and that IPs recruitment should be finalized before October 2024. | J25: • IPs/Network Members´ selection for the two first calls for AFCIA projects is being finalized, with 12 projects under implementation. Between October 2020 and October 2021, 3 IPs were contracted. (Burundi, Saint Kitts, Bahamas). Between the reporting period from Octber 2021 to October 2022 9 IPs were contracted (Liberia, Zambia, Ghana, Vietnam, Nepal, Maldives, Sudan, Mongolia, Honduras). As a result of the 3rd call, 13 additional IPs will be contracted. The contracting process is expected to be finalized by October 2024. | K25: S
D26: Component 3: Concrete adaptation actions are triggered by the knowledge and evidence produced by the micro-grant mechanism | F26: Outcome 8 | H26: • 2 full scale proposals need to be developed. | J26: • One concept note is currently being formulated for the project in Burundi and is expected to be submitted to AFCIA by the end of the year. Should the CN be deemed eligible by AF, a full scale proposal will be prepared for a value to up to 3 million. • A dedicated webpage for the UNDP CTCN AFCIA programme has been set up in CTCN webpage (https://www.ctc-n.org/technical-assistance/adaptation-fund-climate-innovation-accelerator-afcia), CTCN project dashboard includes an overview of all TA supported by CTCN including AFCIA proposals. (https://www.ctc-n.org/technical-assistance/request-visualizations) • Countries can now access eligible and prioritized AFCIA TA requests and proposals online (https://www.ctc-n.org/technical-assistance/data?f%5B0%5D=ta_page_adaptation_fund_facets%3A1) • A photo reportage of the project in Burundi was made during the piloting of the technology • A press release was developed by UNEP on the project in Burundi (the most advanced) to promote it as a success story and can be accessed by following this link: https://www.adaptation-fund.org/apply-funding/innovation-grants/adaptation-fund-climate-innovation-accelerator-afcia/ | K26: S
J27: Overall Rating | K27: S
D28: Please Provide the Name and Contact information of person(s) responsible for completeling the Rating section
D29: Name: | E29: Rose Mwebaza
D30: Email: | E30: mwebaza@un.org
C32: Please justify your rating. Outline the positive and negative progress made by the project since it started. Provide specific recommendations for next steps. (word limit=500)
D33: • The project is well on track, having now set a solid base for future phases of the programme. Some adjustments were made to enhance capacity of eligible countries in engaging with the programme (AFCIA). • Outreach activities and sourcing of innovation micro-grant proposals are two of the areas where progress was made, setting a solid foundation for the programme. Strategies and activities set in place by the CTCN have allowed for accelerated access of countries to this new programme and have resulted in more than 400 submissions from 87 countries, from which 12 technology concepts are already under implementation and 13 more will be selected / contracted / implemented. • Outreach: Leveraging broader UNEP and CTCN networks and communication tools (e.g., website, newsletter, social media, media outreach, and joint communication materials), and strategically selecting initiatives to expand AFCIA outreach and developed capacity of countries on innovation adaptation technologies, have been key in the promotion of the third and last call. the CTCN has worked with its partners (UNEP, UNDP but also ICLEI, as well as their network of research centres and academia) to ensure a broader participation of all type of stakeholders. This has resulted in a higher number of participation from non governmental institutions (up to 87 in the last call for projects only). Unfortunately almost half of these new applications were deemed not eligible during the 1st step of the screening as the template used for submission was incorrect and the endorsement of the NDE and AF focal point was missing. In addition, most of the eligible applications were not strong enough to be selected as per AFCIA criteria. This can be explained by the fact that the information about the 3rd call was voluntarily widely disseminated to non governmental organizations through CTCN, UNEP as well as ICLEI and other partner´s network, but most of them wouldn't have had the chance to join one of the webinars organized to present the lessons learnt and information about the 3rd call. Initiatives that proved most effective include the CTCN Regional NDE Forums held during UNFCCC Regional Climate Weeks 2022, outreach among Youth and women’s climate change initiatives via CTCN Youth Climate Innovation Labs and Gender-Just Climate Solutions programmes, and regional webinars targeting NDEs and Network Members to share early lessons from AFCIA. Two side events organized at COP 27 in Egypt were promoting AFCIA including a joint event co-organized by CTCN - AF and UNDP at the Innovation Hub of the CTCN on November 17th, 2022 and side event organized in the European Commission pavilion, during an event about "Partnerships for the transfer, and diffusion of transformational adaptation technologies" held on Nov 12th, 2022. • Sourcing of innovation micro-grant proposals: The outreach efforts mentioned, combined with direct engagement and support provided by CTCN experts to NDEs (in particular to LDC and SIDS countries) have resulted in the high number of submissions in the last call for projects. The continued contact with NDEs allowed CTCN regional teams to detect and respond to the need for iterative fine-tuning of TA requests, working collaboratively with NDEs, DAs and proponents to co-develop project concept notes. This adjustment to the planned activities (development of TOR in-house, rather than by recruitment of Consortium Partners) received very positive response from NDEs and other stakeholders and has allowed the AFCIA programme to proceed at a rapid pace, registering at the end of the reporting period 12 project concept notes (TOR) which are now under implementation. • CTCN will continue to draw on lessons learned from AFCIA to better respond to countries’ needs. It has already included ‘Capacity building for national systems of innovation on climate technology’ in CTCN Annual Operating Plan 2023-2027 and will benefit AFCIA as NDEs will be trained to these concepts. Actually systems of innovation have been defined as an enabler for CTCN next Programme of Work (PoW) along with digitalization. However, given the large appetite and need of adaptation-related technical assistance in developing countries, additional initiatives for scaling up current level of support should be explored.
D43: Project components/outcomes | F43: Alignment with AF outcome(s) | H43: Expected Progress | J43: Progress to Date | K43: Rating
C44: Other (If there is more than one executing entity a rating should be provided from each EE for the outputs/outcomes of the project for which the entity is responsible; the Designated Authority can also provide a rating)
J47: Overall Rating
D48: Please Provide the Name and Contact information of person(s) responsible for completeling the Rating section
D49: Name:
D50: Email:
C52: Please justify your rating and address the following points: 1. Indicate trends, both positive and negative, in achievement of outcomes as per the project indicators. 2. Detail critical risks that have affected progress. 3. Outline response to MTR undertaken this reporting period. 4. Outline action plan to address projects with a rating of HU, U or MU. Please keep your input to 1200 words
D54: AF Outcomes | I54: Rating Definitions
C55: Outcome 1 | D55: Reduced exposure to climate-related hazards and threats | H55: Highly Satisfactory (HS) | I55: Project actions/activities planned for current reporting period are progressing on track or exceeding expectations to achieve all major outcomes/outputs for given reporting period, without major shortcomings. The project can be presented as “good practice”.
C56: Outcome 2 | D56: Strengthened institutional capacity to reduce risks associated with climate-induced socioeconomic and environmental losses | H56: Satisfactory (S) | I56: Project actions/activities planned for current reporting period are progressing on track to achieve most of its major outcomes/outputs with only minor shortcomings.
C57: Outcome 3 | D57: Strengthened awareness and ownership of adaptation and climate risk reduction processes at local level | H57: Marginally Satisfactory (MS) | I57: Project actions/activities planned for current reporting period are progressing on track to achieve most major relevant outcomes/outputs, but with either significant shortcomings or modest overall relevance.
C58: Outcome 4 | D58: Increased adaptive capacity within relevant development sector services and infrastructure assets | H58: Marginally Unsatisfactory (MU) | I58: Project actions/activities planned for current reporting period are not progressing on track to achieve major outcomes/outputs with major shortcomings or is expected to achieve only some of its major outcomes/outputs.
C59: Outcome 5 | D59: Increased ecosystem resilience in response to climate change and variability-induced stress | H59: Unsatisfactory (U) | I59: Project actions/activities planned for current reporting period are not progressing on track to achieve most of its major outcomes/outputs.
C60: Outcome 6 | D60: Diversified and strengthened livelihoods and sources of income for vulnerable people in targeted areas | H60: Highly Unsatisfactory (U) | I60: Project actions/activities planned for current reporting period are not on track and shows that it is failing to achieve, and is not expected to achieve, any of its outcomes/outputs.
C61: Outcome 7 | D61: Improved policies and regulations that promote and enforce resilience measures
C62: Outcome 8 | D62: Support the development and diffusion of innovative adaptation practices, tools and technologies
C65: Footnote 1 : | D65: The project in Bahamas was contracted in 2021 but was put on hold in June 2022 following a change of government in the country. The new members of the Ministry of Agriculture had no further interest in taking the lead of this project. Discussions lead by the NDE of the country are currently ongoing with the i) Ministry of Environment, ii) the Bahamas Agricultural and Industrial Corporation, and iii) the Bahamas Agricultural and Marine Science Institute, to determine the possibility of one of these other agencies to take the lead on this project. Until a decision is taken by the country, the project will remain on hold.

Sheet Project Indicators
C3: PROJECT Indicators
C4: Please provide all indicators being tracked for the project as outlined in the project document
C6: Type of Indicator (indicators towards Objectives, Outcomes, etc…)
C7: Type of Indicator | D7: Indicator | F7: Baseline | G7: Progress since inception | H7: Target for Project End | K7: Justification for ranking
C8: Objective | D8: Extent of innovative practices and investments taking place to address climate change adaptation challenges | F8: 0 | G8: 12 | H8: 3 | K8: 12 projects funded and implemented under the AFCIA to date (Burundi, Liberia, Zambia, Saint Kitts, Nepal, Vietnam, Bahamas, Ghana, Maldives, Sudan, Mongolia and Honduras)
C9: Outcome | D9: # of countries requesting micro-grants to support innovation in adaptation | F9: 0 | G9: 87 | H9: 20 | K9: A total of 400 proposals have been received from 87 countries through the 3 AFCIA calls for proposals.
C10: Outcome | D10: # micro-grants invested in technology acceleration | F10: 0 | G10: 8 | H10: 20 | K10: 8 projects funded under AFCIA technology acceleration window
C11: Outcome | D11: Scaled up funding secured for technology acceleration investment | F11: 0 | G11: 1 | H11: 4 | K11: Scaled up funding secured for at least 4 technology acceleration: The project generates credible technology ideas that can attract scaled up support. One Concept Note is being formulated for Burundi. If deemed eligible by the AF, a full scale proposal for up to 5 Million USD will be prepared as part of the objective defined under Component 3 of the programme.
C12: Output | D12: Outreach plan developed | F12: 0 | G12: 1 | H12: 1
C13: Output | D13: Project concept notes | F13: 0 | G13: 19 | H13: 30 | K13: 12 projects are under implementation + 3 concept notes for future projects have been fully drafted and are at siging / contracting stage (Mozambique, Sudan EWS, Mali) and 4 concept notes have been fully developed before being abandonned (Chad, Georgia, Tunisia and Philippines)
C14: Output | D14: Number of adaptation technology innovations supported | F14: 0 | G14: 8 | H14: 15 | K14: 8 projects funded and implemented under the AFCIA acceleration component to date and focused on testing innovative adaptation technologies (Burundi, Liberia, Zambia, Saint Kitts, Nepal, Vietnam, Maldives, Sudan)
C15: Output | D15: Number of technical analyses to support the enabling environment for technology innovation | F15: 0 | G15: 4 | H15: 10 | K15: Bahamas (on hold) and Ghana projects are funded under the enabling environment component of AFCIA. In addition, Honduras and Mongolia are fully co-financed by CTCN under this AFCIA window
C16: Output | D16: Number of project stories | F16: 0 | G16: 1 | H16: 5 | K16: Burundi success story developed and published by UNEP to share good practices coming out of the AFCIA programme. Available at the following link: https://www.unep.org/news-and-stories/story/can-portable-dam-help-africa-counter-rising-waters
C17: Output | D17: Operational project dashboard | F17: CTCN tool to be adapted | G17: 0 | H17: 1 tailored tool for the technology accelerator | K17: CTCN dashboard is avaialble at the following link: https://www.ctc-n.org/technical-assistance/request-visualizations. It is not yet tailored to differentiate AFCIA projects
C18: Output | D18: Number of guidance documents | F18: 0 | G18: 0 | H18: 1
C19: Output | D19: Number of communication products | F19: 0 | G19: 0 | H19: 5 | K19: Communication products are planned for the last years of AFCIA implementation
C20: Output | D20: Number of business/funding proposals | F20: 0 | G20: 1 | H20: 2 | K20: One Concept Note is being formulated for Burundi. If deemed eligible by the AF, a full scale proposal for up to 5 Million USD will be prepared as part of the objective defined under Component 3 of the programme.

Sheet Lessons Learned
C3: QUALITATIVE MEASURES and LESSONS LEARNED
C5: Please complete the following section every reporting period
C6: Implementation and Adaptive Management | D6: Response
C7: What implementation issues/lessons, either positive or negative, affected progress? | D7: Based on numerous discussions with NDEs and project proponents in the different regions and on the responses received to the three calls for submission of AFCIA technology concepts, key lessons learned can be summarized as follows: • There is a large appetite and need for adaptation-related technical assistance in developing countries (200 requests received in the first 6 months of the AFCIA programme, with an increase in the number of submissions from the first to the second calls) and 205 applications received only during the 3rd and last call for projects, closed on 30th of September 2022. • Outreach/communication activities about the programme, in particular conveying the message that CTCN's support is available from the very early stages of ideas/technology concepts, have a had a positive effect in countries response to the programme (with the largest number of submissions in the third and last call). • Developing countries, in particular LCDs and SIDS, continue to need support to articulate their adaptation technology demands. This is even more notifiable for the Caribbean region and among non-governmental stakeholders. Also, non governmental stakeholder need to be trained and capacitated to increase the rate of selected applications submitted by academia, centers of research, universities and think tanks for example. Current limitation prevent their applications from being selected by the AFCIA programme. • Where applications are cross sectoral in nature, a combination of adaptation and mitigation technologies should be considered and encouraged to generate transformative impact.
C8: Were there any delays in implementation? If so, include any causes of delays. What measures have been taken to reduce delays? | D8: Delays are being experienced with the project in Bahamas due to a governmental change. Please, refer to the footnote below for further details. Also, the project in Liberia has requested a 3 months no cost extension to have time to purchase and equipment needed to the pilot as these were longer than initially planned in the workplan. Rest of the projects are on track for the moment.
C9: Describe any changes undertaken to improve results on the ground or any changes made to project outputs (i.e. changes to project design)* | D9: The development of project concept notes (TOR), rather than being led by CTCN Consortium Partners (CPs), as per programme proposal, have been supported internally by CTCN experts, working closely together with NDEs, PPs and DAs (and in some cases with key stakeholders). This was due mainly to: • lack of appetite from CPs to take up the formulation of project concept notes, since UN/CTCN procurement rules preclude those who are involved TOR development to bid for those projects. • the need for continued support to explore more innovative technology solutions and establishing clear climate rational of project concepts to fine tune TA requests (based on the feedback received from NDEs and PPs during the first AFCIA call). This modality (not anticipated in the programme proposal) has allowed for: • Greater engagement of national entities in the co-development of their project concept notes, which is expected to lead to greater ownership and sustainability of project results • Shorter timelines (from request submission to bidding) • Reduced expenditure (budget allocated to project concept note development has not been spent and will be reallocated. Considering that the "Grants to Network Partners" allocated to the component 3 of the project ( development of full proposals) is quite limited (70k for 2 full scale proposals), the budget category "Grants to Network Partner" of the component 1 (Concept notes) is allocated to finance the concept note that precedes the formulation of the full proposal. However, it should be noted that this modality has required significant human resources from CTCN (in terms of its experts’ time), while not benefiting from the expertise of CTCN CPs. In the future, and for the formulation of the TOR of the last 13 projects that will be selected through the third and last call, other modalities may be explored to combine continued support from CTCN experts and greater engagement of NDEs, DAs, PP, as well as support from CTCN CPs, Network Members, or external consultants with stronger sectorial/technical expertise in some specific cases.
C10: Have the environmental and social safeguard measures that were taken been effective in avoiding unwanted negative impacts? | D10: The UNEP Environmental and Social Safeguard Framework (ESSF) has been used effectively in screening and prioritization of AFCIA submissions, such as those related to environmental sustainability and gender safeguards, and later used to enhance sustainability during the development of project concept notes. In alignment with UNEP procedures (and AF requirements), at the time of writing this report, Safeguard Risk Identification Forms (SRIF) for the different selected projects have been developed, according to the rules and guidelines of UNEP, and have been approved by UNEP Safeguards officer prior to technical assistance projects' implementation. This process will also be applied to the next projects to be selected from the third and last call for projects (selection is currently ongoing). All AFCIA selected projects to date were classified as low risk, thus no ESMP were developed. In addition, most projects are in the very early stage and have therefore not required the implementation of ESS mitigation measures.
C11: How have gender considerations been taken into consideration during the reporting period? What have been the lessons learned as a consequence of inclusion of such considerations on project performance or impacts? List lessons learned specific to gender, detailing measures and project/programme-specific indicators highlighting the role of women as key actors in climate change adaptation. | D11: Gender equality and women empowerment is part of the screening and prioritization criteria of all CTCN TA requests, including AFCIA submissions, and is embedded in the design of all CTCN response plans and AFCIA project concept notes. CTCN TA gender-related requirements such as minimum budget allocation to gender, integration of gender experts in the IP team contribute to strengthen the integration of gender into project design and implementation. The need to analyse and integrate gender considerations into project design of specific proposals, by requesting at least one locally based gender expert for each TA under implementation, and by applying CTCN strategy on Gender and youth has helped raise awareness on the need to strengthen this dimension in innovation adaptation technology work. Thus, it is our expectation that the inclusion of requirements to strengthen gender considerations in IPs proposals is better understood by beneficiary parties and should contribute to improve project performance at later stages of implementation. In addition, the CTCN has leveraged synergies with its work on Gender by including AFCIA into the training curriculum of its Gender Just Solutions and Youth Incubator programmes. Finally, the Monitoring and Evaluation report as well as the closure report of the CTCN requires systematically that participation to workshops, tenders, trainings or any kind of events be monitored in terms of participation, and disaggregated by gender.
C12: *Inform promptly the secretariat of any changes in the budget or project results framework in accordance with the Project Implementation Policy https://www.adaptation-fund.org/we-content/uploads/2017/11/OPG-ANNEX-7-Project-Programme-Implementation-Approved-Oct-2017.pdf
C14: Please complete the following section at mid-term and project completion
C15: Lessons for Adaptation | D15: Response
C16: Climate Resilience Measures
C17: What have been the lessons learned, both positive and negative, in implementing climate adaptation measures that would be relevant to the design and implementation of future projects/programmes for enhanced resilience to climate change?
C18: What is the potential for the climate resilience measures undertaken by the project/programme to be replicated and scaled up both within and outside the project area?
C19: Readiness Interventions (Applicable only to NIEs that received one or more readiness grants)
C20: What have been the lessons learned, both positive and negative, in accessing and implementing climate finance readiness support that would be relevant to the preparation, design and implementation of future concrete adaptation projects/programmes?
C21: How have the outputs (such as manuals, guidelines, procedures or the experience from providing peer support, etc) from employing readiness grants been used to inform institutional capacity needs, gender issues, and environmental and social aspects in developing and implementing concrete projects/programmes for enhanced resilience to climate change?
C22: Concrete Adaptation Interventions
C23: What have been the lessons learned, both positive and negative, in implementing concrete adaptation interventions that would be relevant to the design and implementation of future projects/programmes implementing concrete adaptation interventions?
C24: What is the potential for the concrete adaptation interventions undertaken by the project/programme to be replicated and scaled up both within and outside the project area?
C25: Community/National Impact
C26: What would you consider to be the most successful aspects for the target communities?
C27: What measures are/have been put in place to ensure sustainability of the project/program results?
... C40: If you answered yes above, kindly specify the name of the Fund/Organization.
C44: Footnote 1 : | D44: The project in Bahamas was contracted in 2021 but was put on hold in June 2022 following a change of government in the country. The new members of the Ministry of Agriculture had no further interest in taking the lead of this project. Discussions lead by the NDE of the country are currently ongoing with the i) Ministry of Environment, ii) the Bahamas Agricultural and Industrial Corporation, and iii) the Bahamas Agricultural and Marine Science Institute, to determine the possibility of one of these other agencies to take the lead on this project. Until a decision is taken by the country, the project will remain on hold.

Sheet Results Tracker (rev)
C3: Results Tracker for Adaptation Fund (AF) Projects
B6: Goal: "Goal: Assist developing-country Parties to the Kyoto Protocol and the Paris Agreement that are particularly vulnerable to the adverse effects of climate change in meeting the costs of concrete adaptation projects and programmes in order to implement climate-resilient measures. Impact: Increased resiliency at the community, national, and regional levels to climate variability and change. " Impact: Increased resiliency at the community, national, and regional levels to climate variability and change.
B7: Important: Please read the following guidance document (also posted on the Adaptation Fund website) before entering your data
B8: https://www.adaptation-fund.org/wp-content/uploads/2019/10/Results-Tracker-Guidance-Document-Updated_July-2019.docx
B10: Adaptation Fund Strategic Results Framework
B12: Project ID | C12: S1-32AFB-000012-SB-015479
B13: Implementing Entity | C13: UNEP
B14: Type of implementing entity | C14: MIE
B15: Country
B16: Region
B17: Sector | C17: Multi-sector
B19: Indicators linked to outcomes 1 to 7 were added as requested by the AF on the first review of the PPR. So far, only the project in Burundi has the requested data and information available as it is the only one that has reached closure. The result tracker will be updated in future PPR with information collected for other projects after their closure.
D20: Baseline information | H20: Target performance at completion | L20: Performance at mid-term | P20: Performance at completion
B21: Impact: Increased resiliency at the community, national, and regional levels to climate variability and change | C21: Core Indicator: No. of beneficiaries | E21: Total (direct + indirect beneficiaries) | F21: Direct beneficiaries supported by the project | G21: Indirect beneficiaries supported by the project | I21: Total (direct + indirect beneficiaries) | J21: Direct beneficiaries supported by the project | K21: Indirect beneficiaries supported by the project | M21: Total (direct + indirect beneficiaries) | N21: Direct beneficiaries supported by the project | O21: Indirect beneficiaries supported by the project | Q21: Total (direct + indirect beneficiaries) | R21: Direct beneficiaries supported by the project | S21: Indirect beneficiaries supported by the project
D22: Total | H22: Total | I22: ='Tracker for projects under (2)'!D8 -> 25000 | J22: ='Tracker for projects under (2)'!E8 -> 600 | K22: ='Tracker for projects under (2)'!F8 -> 24400 | L22: Total | P22: Total
D23: % of female beneficiaries | H23: % of female beneficiaries | I23: ='Tracker for projects under (2)'!D9 -> 0.5 | J23: ='Tracker for projects under (2)'!E9 -> 0.5 | K23: ='Tracker for projects under (2)'!F9 -> 0.5 | L23: % of female beneficiaries | P23: % of female beneficiaries
D24: % of Youth beneficiaries | H24: % of Youth beneficiaries | I24: ='Tracker for projects under (2)'!D10 -> 0.2 | J24: ='Tracker for projects under (2)'!E10 -> 0.2 | K24: ='Tracker for projects under (2)'!F10 -> 0.2 | L24: % of Youth beneficiaries | P24: % of Youth beneficiaries
D26: Baseline information | H26: Target performance at completion | L26: Performance at mid-term | P26: Performance at completion
B27: Outcome 1: Reduced exposure to climate-related hazards and threats | C27: Indicator 1: Relevant threat and hazard information generated and disseminated to stakeholders on a timely basis | D27: Number of targeted stakeholders | F27: Hazards information generated and disseminated | G27: Overall effectiveness | H27: Number of targeted stakeholders | J27: Hazards information generated and disseminated | K27: Overall effectiveness | L27: Number of targeted stakeholders | N27: Hazards information generated and disseminated | O27: Overall effectiveness | P27: Number of targeted stakeholders | R27: Hazards information generated and disseminated | S27: Overall effectiveness
D28: Total | H28: Total | I28: ='Tracker for projects under (2)'!D16 -> 100 | J28: Inland flooding | K28: 4: Effective | L28: Total | P28: Total
D29: % of female targeted | H29: % of female targeted | I29: ='Tracker for projects under (2)'!D17 -> 0.5 | L29: % of female targeted | P29: % of female targeted
B30: Output 1.1 Risk and vulnerability assessments conducted and updated | C30: Indicator 1.1: No. of projects/programmes that conduct and update risk and vulnerability assessments | D30: No. of projects/programmes that conduct and update risk and vulnerability assessments | E30: Sector | F30: Scale | G30: Status | H30: No. of projects/programmes that conduct and update risk and vulnerability assessments | I30: Sector | J30: Scale | K30: Status | L30: No. of projects/programmes that conduct and update risk and vulnerability assessments | M30: Sector | N30: Scale | O30: Status | P30: No. of projects/programmes that conduct and update risk and vulnerability assessments | Q30: Sector | R30: Scale | S30: Status
H31: ='Tracker for projects under (2)'!C19 -> 1 | I31: Water management | J31: Local | K31: 3: Risk and vulnterability assessments completed or updated
D32: No. of projects/programmes that conduct and update risk and vulnerability assessments | E32: Sector | F32: Scale | G32: Status | H32: No. of projects/programmes that conduct and update risk and vulnerability assessments | I32: Sector | J32: Scale | K32: Status | L32: No. of projects/programmes that conduct and update risk and vulnerability assessments | M32: Sector | N32: Scale | O32: Status | P32: No. of projects/programmes that conduct and update risk and vulnerability assessments | Q32: Sector | R32: Scale | S32: Status
D34: No. of projects/programmes that conduct and update risk and vulnerability assessments | E34: Sector | F34: Scale | G34: Status | H34: No. of projects/programmes that conduct and update risk and vulnerability assessments | I34: Sector | J34: Scale | K34: Status | L34: No. of projects/programmes that conduct and update risk and vulnerability assessments | M34: Sector | N34: Scale | O34: Status | P34: No. of projects/programmes that conduct and update risk and vulnerability assessments | Q34: Sector | R34: Scale | S34: Status
D36: No. of projects/programmes that conduct and update risk and vulnerability assessments | E36: Sector | F36: Scale | G36: Status | H36: No. of projects/programmes that conduct and update risk and vulnerability assessments | I36: Sector | J36: Scale | K36: Status | L36: No. of projects/programmes that conduct and update risk and vulnerability assessments | M36: Sector | N36: Scale | O36: Status | P36: No. of projects/programmes that conduct and update risk and vulnerability assessments | Q36: Sector | R36: Scale | S36: Status
D38: No. of projects/programmes that conduct and update risk and vulnerability assessments | E38: Sector | F38: Scale | G38: Status | H38: No. of projects/programmes that conduct and update risk and vulnerability assessments | I38: Sector | J38: Scale | K38: Status | L38: No. of projects/programmes that conduct and update risk and vulnerability assessments | M38: Sector | N38: Scale | O38: Status | P38: No. of projects/programmes that conduct and update risk and vulnerability assessments | Q38: Sector | R38: Scale | S38: Status
B40: Output 1.2 Targeted population groups covered by adequate risk reduction systems | C40: Core Indicator 1.2: No. of Early Warning Systems | D40: No. of adopted Early Warning Systems | E40: Category targeted | F40: Hazard | H40: No. of adopted Early Warning Systems | I40: Category targeted | J40: Hazard | K40: Inland flooding | L40: No. of adopted Early Warning Systems | M40: Category targeted | N40: Hazard | P40: No. of adopted Early Warning Systems | Q40: Category targeted | R40: Hazard
F41: Geographical coverage | H41: 1 | I41: 2: Monitoring and warning service | J41: Geographical coverage | K41: National | N41: Geographical coverage | R41: Geographical coverage
F42: Number of municipalities | J42: Number of municipalities | K42: 45 | N42: Number of municipalities | R42: Number of municipalities
D43: No. of adopted Early Warning Systems | E43: Category targeted | F43: Hazard | H43: No. of adopted Early Warning Systems | I43: Category targeted | J43: Hazard | L43: No. of adopted Early Warning Systems | M43: Category targeted | N43: Hazard | P43: No. of adopted Early Warning Systems | Q43: Category targeted | R43: Hazard
E44: 2: Monitoring and warning service | F44: Geographical coverage | J44: Geographical coverage | N44: Geographical coverage | R44: Geographical coverage
F45: Number of municipalities | J45: Number of municipalities | N45: Number of municipalities | R45: Number of municipalities
D46: No. of adopted Early Warning Systems | E46: Category targeted | F46: Hazard | H46: No. of adopted Early Warning Systems | I46: Category targeted | J46: Hazard | L46: No. of adopted Early Warning Systems | M46: Category targeted | N46: Hazard | P46: No. of adopted Early Warning Systems | Q46: Category targeted | R46: Hazard
F47: Geographical coverage | J47: Geographical coverage | N47: Geographical coverage | R47: Geographical coverage
F48: Number of municipalities | J48: Number of municipalities | N48: Number of municipalities | R48: Number of municipalities
D49: No. of adopted Early Warning Systems | E49: Category targeted | F49: Hazard | H49: No. of adopted Early Warning Systems | I49: Category targeted | J49: Hazard | L49: No. of adopted Early Warning Systems | M49: Category targeted | N49: Hazard | P49: No. of adopted Early Warning Systems | Q49: Category targeted | R49: Hazard
F50: Geographical coverage | J50: Geographical coverage | N50: Geographical coverage | R50: Geographical coverage
F51: Number of municipalities | J51: Number of municipalities | N51: Number of municipalities | R51: Number of municipalities
D53: Baseline information | H53: Target performance at completion | L53: Performance at mid-term | P53: Performance at completion
B54: Outcome 2: Strengthened institutional capacity to reduce risks associated with climate-induced socioeconomic and environmental losses | C54: Indicator 2: Capacity of staff to respond to, and mitigate impacts of, climate-related events from targeted institutions increased | D54: Number of staff targeted | F54: Sector | G54: Capacity level | H54: Number of staff targeted | J54: Sector | K54: Capacity level | L54: Number of staff targeted | N54: Sector | O54: Capacity level | P54: Number of staff targeted | R54: Sector | S54: Capacity level
D55: Total | H55: Total | I55: 30 | J55: Water management | K55: 2: Low capacity | L55: Total | P55: Total
D56: % of female targeted | H56: % of female targeted | I56: 0.3 | L56: % of female targeted | P56: % of female targeted
B57: Output 2.1 Strengthened capacity of national and sub-national centres and networks to respond rapidly to extreme weather events | C57: Indicator 2.1.1: No. of staff trained to respond to, and mitigate impacts of, climate-related events | D57: Total staff trained | E57: % of female staff trained | F57: Type | H57: Total staff trained | I57: % of female staff trained | J57: Type | L57: Total staff trained | M57: % of female staff trained | N57: Type | P57: Total staff trained | Q57: % of female staff trained | R57: Type
H58: ='Tracker for projects under (2)'!C30 -> 110 | I58: 0.4 | J58: Public
C59: Indicator 2.1.2: No. of targeted institutions with increased capacity to minimize exposure to climate variability risks | D59: Type | E59: Scale | F59: Sector | G59: Capacity level | H59: Type | I59: Scale | J59: Sector | K59: Capacity level | L59: Type | M59: Scale | N59: Sector | O59: Capacity level | P59: Type | Q59: Scale | R59: Sector | S59: Capacity level
H60: Public | I60: Local | J60: Water management | K60: 2: Low capacity
B61: Output 2.2. Increased readiness and capacity of national and sub-national entities to directly access and program adaptation finance | C61: Indicator 2.2.1: No. of targeted institutions benefitting from the direct access and enhanced direct access modality | D61: Number of beneficiaries | E61: Scale | F61: Sector | G61: Capacity level | H61: Number of beneficiaries | I61: Scale | J61: Sector | K61: Capacity level | L61: Number of beneficiaries | M61: Scale | N61: Sector | O61: Capacity level | P61: Number of beneficiaries | Q61: Scale | R61: Sector | S61: Capacity level
H62: ='Tracker for projects under (2)'!C34 -> 4 | I62: National | J62: Agriculture | K62: 2: Low capacity
D64: Baseline information | H64: Target performance at completion | L64: Performance at mid-term | P64: Performance at completion
B65: Outcome 3: Strengthened awareness and owernship of adaptation and climate risk reduction processes | C65: Indicator 3.1: Increase in application of appropriate adaptation responses | D65: Percentage of targeted population applying adaptation measures | F65: Sector | H65: Percentage of targeted population applying adaptation measures | J65: Sector | L65: Percentage of targeted population applying adaptation measures | N65: Sector | P65: Percentage of targeted population applying adaptation measures | R65: Sector
D66: 0.6 | F66: Food security | H66: 60 | J66: Agriculture
B67: Output 3: Targeted population groups participating in adaptation and risk reduction awareness activities | C67: Indicator 3.1.1: Percentage of targeted population awareness of predicted adverse impacts of climate change, and of appropriate responses | D67: No. of targeted beneficiaries | E67: % of female participants targeted | F67: Level of awareness | H67: No. of targeted beneficiaries | I67: % of female participants targeted | J67: Level of awareness | L67: No. of targeted beneficiaries | M67: % of female participants targeted | N67: Level of awareness | P67: No. of targeted beneficiaries | Q67: % of female participants targeted | R67: Level of awareness
D68: ='Tracker for projects under (2)'!C41 -> 3000 | E68: 0.5 | F68: 4: Mostly aware | H68: ='Tracker for projects under (2)'!C41 -> 3000 | I68: 0.5 | J68: 3: Partially aware
B69: Output 3.2: Stengthened capacity of national and subnational stakeholders and entities to capture and disseminate knowledge and learning | C69: Indicator 3.2.1: No. of technical committees/associations formed to ensure transfer of knowledge | D69: No. of technical committees/associations | E69: % of women represented in committes/associations | F69: Level of awareness | H69: No. of technical committees/associations | I69: % of women represented in committes/associations | J69: Level of awareness | L69: No. of technical committees/associations | M69: % of women represented in committes/associations | N69: Level of awareness | P69: No. of technical committees/associations | Q69: % of women represented in committes/associations | R69: Level of awareness
H70: ='Tracker for projects under (2)'!C43 -> 0 | I70: 20% to 39% | J70: 3: Partially aware
C71: Indicator 3.2.2: No. of tools and guidelines developed (thematic, sectoral, institutional) and shared with relevant stakeholders | D71: No. of tools and guidelines | E71: Type | F71: Scale | H71: No. of tools and guidelines | I71: type | J71: Scale | L71: No. of tools and guidelines | M71: type | N71: Scale | P71: No. of tools and guidelines | Q71: type | R71: Scale
E72: technical guidelines | F72: Local | H72: ='Tracker for projects under (2)'!C45 -> 3 | I72: Technical guidelines | J72: Sub-national
D73: Baseline information | H73: Target performance at completion | L73: Performance at mid-term | P73: Target performance at completion
B74: Outcome 4: Increased adaptive capacity within relevant development sector services and infrastructure assets | C74: Indicator 4.1: Increased responsiveness of development sector services to evolving needs from changing and variable climate | D74: Project/programme sector | E74: Geographical scale | F74: Response level | H74: Project/programme sector | I74: Geographical scale | J74: Response level | L74: Project/programme sector | M74: Geographical scale | N74: Response level | P74: Project/programme sector | Q74: Geographical scale | R74: Response level
H75: Water management | I75: Local | J75: 5: Highly responsive (All defined elements )
C76: Core Indicator 4.2: Assets produced, developed, improved or strengthened | D76: Sector | E76: Targeted asset | F76: Changes in asset (quantitative or qualitative) | H76: Sector | I76: Targeted asset | J76: Changes in asset (quantitative or qualitative) | L76: Sector | M76: Targeted asset | N76: Changes in asset (quantitative or qualitative) | P76: Sector | Q76: Targeted asset | R76: Changes in asset (quantitative or qualitative)
H77: Water management | I77: 2: Physical asset (produced/improved/strenghtened) | J77: 4: Mostly Improved
B83: Output 4: Vulnerable development sector services and infrastructure assets strengthened in response to climate change impacts, including variability | C83: Indicator 4.1.1: No. and type of development sector services to respond to new conditions resulting from climate variability and change | D83: Number of services | E83: Type | G83: Sector | H83: Number of services | I83: Type | K83: Sector | L83: Number of services | M83: Type | O83: Sector | P83: Number of services | Q83: Type | S83: Sector
H84: ='Tracker for projects under (2)'!J49 -> 0 | I84: Community | K84: Water management
D91: Baseline information | H91: Targeted performance at completion | L91: Performance at mid-term | P91: Target performance at completion
B92: Outcome 5: Increased ecosystem resilience in response to climate change and variability-induced stress | C92: Indicator 5: Ecosystem services and natural resource assets maintained or improved under climate change and variability-induced stress | D92: Natural resource improvement level | F92: Sector | G92: Type | H92: Natural resource improvement level | J92: Sector | K92: Type | L92: Natural resource improvement level | N92: Sector | O92: Type | P92: Natural resource improvement level | R92: Sector | S92: Type
H93: 4: Effective | J93: Agriculture | K93: land
B94: Output 5: Vulnerable ecosystem services and natural resource assets strengthned in response to climate change impacts, including variability | C94: Core Indicator 5.1: Natural Assets protected or rehabilitated | D94: Natural asset or Ecosystem (type) | E94: Total number of natural assets or ecosystems protected/rehabilitated | F94: Unit | G94: Effectiveness of protection/rehabilitation | H94: Natural asset or Ecosystem (type) | I94: Total number of natural assets or ecosystems protected/rehabilitated | J94: Unit | K94: Effectiveness of protection/rehabilitation | L94: Natural asset or Ecosystem (type) | M94: Total number of natural assets or ecosystems protected/rehabilitated | N94: Unit | O94: Effectiveness of protection/rehabilitation | P94: Natural asset or Ecosystem (type) | Q94: Total number of natural assets or ecosystems protected/rehabilitated | R94: Unit | S94: Effectiveness of protection/rehabilitation
D95: Cultivated land/Agricultural land | H95: Cultivated land/Agricultural land | I95: 100 | J95: ha rehabilitated | K95: 5: Very effective
D97: Natural asset or Ecosystem (type) | E97: Total number of natural assets or ecosystems protected/rehabilitated | F97: Unit | G97: Effectiveness of protection/rehabilitation | H97: Natural asset or Ecosystem (type) | I97: Total number of natural assets or ecosystems protected/rehabilitated | J97: Unit | K97: Effectiveness of protection/rehabilitation | L97: Natural asset or Ecosystem (type) | M97: Total number of natural assets or ecosystems protected/rehabilitated | N97: Unit | O97: Effectiveness of protection/rehabilitation | P97: Natural asset or Ecosystem (type) | Q97: Total number of natural assets or ecosystems protected/rehabilitated | R97: Unit | S97: Effectiveness of protection/rehabilitation
D100: Natural asset or Ecosystem (type) | E100: Total number of natural assets or ecosystems protected/rehabilitated | F100: Unit | G100: Effectiveness of protection/rehabilitation | H100: Natural asset or Ecosystem (type) | I100: Total number of natural assets or ecosystems protected/rehabilitated | J100: Unit | K100: Effectiveness of protection/rehabilitation | L100: Natural asset or Ecosystem (type) | M100: Total number of natural assets or ecosystems protected/rehabilitated | N100: Unit | O100: Effectiveness of protection/rehabilitation | P100: Natural asset or Ecosystem (type) | Q100: Total number of natural assets or ecosystems protected/rehabilitated | R100: Unit | S100: Effectiveness of protection/rehabilitation
D103: Natural asset or Ecosystem (type) | E103: Total number of natural assets or ecosystems protected/rehabilitated | F103: Unit | G103: Effectiveness of protection/rehabilitation | H103: Natural asset or Ecosystem (type) | I103: Total number of natural assets or ecosystems protected/rehabilitated | J103: Unit | K103: Effectiveness of protection/rehabilitation | L103: Natural asset or Ecosystem (type) | M103: Total number of natural assets or ecosystems protected/rehabilitated | N103: Unit | O103: Effectiveness of protection/rehabilitation | P103: Natural asset or Ecosystem (type) | Q103: Total number of natural assets or ecosystems protected/rehabilitated | R103: Unit | S103: Effectiveness of protection/rehabilitation
D107: Baseline information | H107: Targeted performance at completion | L107: Performance at mid-term | P107: Performance at completion
B108: Outcome 6: Diversified and strengthened livelihoods and sources of income for vulnerable people in targeted areas | C108: Indicator 6.1: Increase in households and communities having more secure access to livelihood assets | D108: No. of targeted households | E108: % of female headed households | F108: Improvement level | H108: No. of targeted households | I108: % of female headed households | J108: Improvement level | L108: No. of targeted households | M108: % of female headed households | N108: Improvement level | P108: No. of targeted households | Q108: % of female headed households | R108: Improvement level
H109: ='Tracker for projects under (2)'!C86 -> 550 | I109: 0.5 | J109: 4: High improvement
C110: Indicator 6.2: Increase in targeted population's sustained climate-resilient alternative livelihoods | D110: No. of targeted households | E110: % of female headed households | F110: % increase in income level vis-à-vis baseline | G110: Alternate Source | H110: No. of targeted households | I110: % of female headed households | J110: % increase in income level vis-à-vis baseline | K110: Alternate Source | L110: No. of targeted households | M110: % of female headed households | N110: % increase in income level vis-à-vis baseline | O110: Alternate Source | P110: No. of targeted households | Q110: % of female headed households | R110: % increase in income level vis-à-vis baseline | S110: Alternate Source
H111: ='Tracker for projects under (2)'!C88 -> 550 | I111: ='Tracker for projects under (2)'!D88 -> 0.5 | J111: From 5% to 10% | K111: Agriculture
D112: No. of targeted households | E112: % of female headed households | F112: % increase in income level vis-à-vis baseline | G112: Alternate Source | H112: No. of targeted households | I112: % of female headed households | J112: % increase in income level vis-à-vis baseline | K112: Alternate Source | L112: No. of targeted households | M112: % of female headed households | N112: % increase in income level vis-à-vis baseline | O112: Alternate Source | P112: No. of targeted households | Q112: % of female headed households | R112: % increase in income level vis-à-vis baseline | S112: Alternate Source
D114: No. of targeted households | E114: % of female headed households | F114: % increase in income level vis-à-vis baseline | G114: Alternate Source | H114: No. of targeted households | I114: % of female headed households | J114: % increase in income level vis-à-vis baseline | K114: Alternate Source | L114: No. of targeted households | M114: % of female headed households | N114: % increase in income level vis-à-vis baseline | O114: Alternate Source | P114: No. of targeted households | Q114: % of female headed households | R114: % increase in income level vis-à-vis baseline | S114: Alternate Source
D116: No. of targeted households | E116: % of female headed households | F116: % increase in income level vis-à-vis baseline | G116: Alternate Source | H116: No. of targeted households | I116: % of female headed households | J116: % increase in income level vis-à-vis baseline | K116: Alternate Source | L116: No. of targeted households | M116: % of female headed households | N116: % increase in income level vis-à-vis baseline | O116: Alternate Source | P116: No. of targeted households | Q116: % of female headed households | R116: % increase in income level vis-à-vis baseline | S116: Alternate Source
B118: Output 6 Targeted individual and community livelihood strategies strengthened in relation to climate change impacts, including variability | C118: Indicator 6.1.1: No. and type of adaptation assets created or strengthened in support of individual or community livelihood strategies | D118: Number of Assets | E118: Type of Assets | F118: Sector | G118: Adaptation strategy | H118: Number of Assets | I118: Type of Assets | J118: Sector | K118: Adaptation strategy | L118: Number of Assets | M118: Type of Assets | N118: Sector | O118: Adaptation strategy | P118: Number of Assets | Q118: Type of Assets | R118: Sector | S118: Adaptation strategy
H119: 3 | I119: Adaptation strategies | J119: Agriculture | K119: Supporting livelihoods
C120: Core Indicator 6.1.2: Increased income, or avoided decrease in income | D120: Number of households (total number in the project area) | E120: Income source | G120: Income level (USD) | H120: Number of households (total number in the project area) | I120: Income source | K120: Income level (USD) | L120: Number of households (total number in the project area) | M120: Income source | O120: Income level (USD) | P120: Number of households (total number in the project area) | Q120: Income source | R120: Income source
H121: ='Tracker for projects under (2)'!C98 -> 550 | I121: Agricultural-related | K121: 150USD/month
D122: Number of households (total number in the project area) | E122: Income source | G122: Income level (USD) | H122: Number of households (total number in the project area) | I122: Income source | K122: Income level (USD) | L122: Number of households (total number in the project area) | M122: Income source | O122: Income level (USD) | P122: Number of households (total number in the project area) | Q122: Income source | R122: Income source
D124: Number of households (total number in the project area) | E124: Income source | G124: Income level (USD) | H124: Number of households (total number in the project area) | I124: Income source | K124: Income level (USD) | L124: Number of households (total number in the project area) | M124: Income source | O124: Income level (USD) | P124: Number of households (total number in the project area) | Q124: Income source | R124: Income source
D126: Number of households (total number in the project area) | E126: Income source | G126: Income level (USD) | H126: Number of households (total number in the project area) | I126: Income source | K126: Income level (USD) | L126: Number of households (total number in the project area) | M126: Income source | O126: Income level (USD) | P126: Number of households (total number in the project area) | Q126: Income source | R126: Income source
D129: Baseline information | H129: Target performance at completion | L129: Performance at mid-term | P129: Performance at completion
B130: Outcome 7: Improved policies and regulations that promote and enforce resilience measures | C130: Indicator 7: Climate change priorities are integrated into national development strategy | D130: Integration level | H130: Integration level | L130: Integration level | P130: Integration level
D131: 3: Some
B132: Output 7:Improved integration of climate-resilience strategies into country development plans | C132: Indicator 7.1: No. of policies introduced or adjusted to address climate change risks | D132: No. of Policies introduced or adjusted | E132: Sector | F132: Scale | G132: Type | H132: No. of Policies introduced or adjusted | I132: Sector | J132: Scale | K132: Type | L132: No. of Policies introduced or adjusted | M132: Sector | N132: Scale | O132: Type | P132: No. of Policies introduced or adjusted | Q132: Sector | R132: Scale | S132: Type
H133: 1 | I133: Food security | J133: National
C134: Indicator 7.2: No. of targeted development strategies with incorporated climate change priorities enforced | D134: No. of Development strategies | E134: Regulation | G134: Effectiveness | H134: No. of Development strategies | I134: Regulation | K134: Effectiveness | L134: No. of Development strategies | M134: Regulation | O134: Effectiveness | P134: No. of Development strategies | Q134: Regulation | S134: Effectiveness
H135: ='Tracker for projects under (2)'!C112 -> 0
D141: Glacier lake outburst flood
D142: Inland flooding | E142: fr | F142: biological assets | H142: Company policy | I142: 5: Fully enforced (All elements implemented)
D143: Salinization | E143: Decrease | F143: land | H143: Communication & Information policy | I143: 4: Enforced (Most elements implemented)
D144: Drought | E144: Same | F144: water areas | H144: Defense policy | I144: 3: Partially enforced (Some elements implemented)
D145: Wind | F145: subsoil assets | G145: increased adpative capacity | H145: Domestic policy | I145: 2: Partially not enforced (Most elements not implemented) | K145: Agribusiness
...

Sheet Tracker for projects under  (2)
A4: Burundi | H4: Saint Kitts and Nevis: the indicators have been included in the project M&E framework and impact will be assess at project's closure | O4: Bahamas (project on hold - please refer to Footnote 1 of "Financial data" sheet | V4: Liberia: the indicators have been included in the project M&E framework and impact will be assess at project's closure | AC4: Ghana: the indicators will be included in the project M&E framework and impact will be assess at project's closure | AJ4: Zambia: the indicators will be included in the project M&E framework and impact will be assess at project's closure | AQ4: Maldives (partially co-financed by CTCN): the indicators will be included in the project M&E framework and impact will be assess at project's closure | AX4: Vietnam : the indicators will be included in the project M&E framework and impact will be assess at project's closure | BE4: Nepal: the indicators will be included in the project M&E framework and impact will be assess at project's closure | BL4: Sudan Soil mapping (fully co-financed by CTCN): the indicators will be included in the project M&E framework and impact will be assess at project's closure | BS4: Honduras (fully co-financed by CTCN): the indicators will be included in the project M&E framework and impact will be assess at project's closure | BZ4: Mongolia (fully co-financed by CTCN): the indicators will be included in the project M&E framework and impact will be assess at project's closure
A6: Impact: Increased resiliency at the community, national, and regional levels to climate variability and change | B6: Core Indicator: No. of beneficiaries | C6: Target performance at completion | H6: Impact: Increased resiliency at the community, national, and regional levels to climate variability and change | I6: Core Indicator: No. of beneficiaries | J6: Target performance at completion | O6: Impact: Increased resiliency at the community, national, and regional levels to climate variability and change | P6: Core Indicator: No. of beneficiaries | Q6: Target performance at completion | V6: Impact: Increased resiliency at the community, national, and regional levels to climate variability and change | W6: Core Indicator: No. of beneficiaries | X6: Target performance at completion | AC6: Impact: Increased resiliency at the community, national, and regional levels to climate variability and change | AD6: Core Indicator: No. of beneficiaries | AE6: Target performance at completion | AJ6: Impact: Increased resiliency at the community, national, and regional levels to climate variability and change | AK6: Core Indicator: No. of beneficiaries | AL6: Target performance at completion | AQ6: Impact: Increased resiliency at the community, national, and regional levels to climate variability and change | AR6: Core Indicator: No. of beneficiaries | AS6: Target performance at completion | AX6: Impact: Increased resiliency at the community, national, and regional levels to climate variability and change | AY6: Core Indicator: No. of beneficiaries | AZ6: Target performance at completion | BE6: Impact: Increased resiliency at the community, national, and regional levels to climate variability and change | BF6: Core Indicator: No. of beneficiaries | BG6: Target performance at completion | BL6: Impact: Increased resiliency at the community, national, and regional levels to climate variability and change | BM6: Core Indicator: No. of beneficiaries | BN6: Target performance at completion | BS6: Impact: Increased resiliency at the community, national, and regional levels to climate variability and change | BT6: Core Indicator: No. of beneficiaries | BU6: Target performance at completion | BZ6: Impact: Increased resiliency at the community, national, and regional levels to climate variability and change | CA6: Core Indicator: No. of beneficiaries | CB6: Target performance at completion
D7: Total (direct + indirect beneficiaries) | E7: Direct beneficiaries supported by the project | F7: Indirect beneficiaries supported by the project | K7: Total (direct + indirect beneficiaries) | L7: Direct beneficiaries supported by the project | M7: Indirect beneficiaries supported by the project | R7: Total (direct + indirect beneficiaries) | S7: Direct beneficiaries supported by the project | T7: Indirect beneficiaries supported by the project | Y7: Total (direct + indirect beneficiaries) | Z7: Direct beneficiaries supported by the project | AA7: Indirect beneficiaries supported by the project | AF7: Total (direct + indirect beneficiaries) | AG7: Direct beneficiaries supported by the project | AH7: Indirect beneficiaries supported by the project | AM7: Total (direct + indirect beneficiaries) | AN7: Direct beneficiaries supported by the project | AO7: Indirect beneficiaries supported by the project | AT7: Total (direct + indirect beneficiaries) | AU7: Direct beneficiaries supported by the project | AV7: Indirect beneficiaries supported by the project | BA7: Total (direct + indirect beneficiaries) | BB7: Direct beneficiaries supported by the project | BC7: Indirect beneficiaries supported by the project | BH7: Total (direct + indirect beneficiaries) | BI7: Direct beneficiaries supported by the project | BJ7: Indirect beneficiaries supported by the project | BO7: Total (direct + indirect beneficiaries) | BP7: Direct beneficiaries supported by the project | BQ7: Indirect beneficiaries supported by the project | BV7: Total (direct + indirect beneficiaries) | BW7: Direct beneficiaries supported by the project | BX7: Indirect beneficiaries supported by the project | CC7: Total (direct + indirect beneficiaries) | CD7: Direct beneficiaries supported by the project | CE7: Indirect beneficiaries supported by the project
C8: Total | D8: 25000 | E8: 600 | F8: =D8-E8 -> 24400 | J8: Total | K8: 52000 | M8: 52000 | Q8: Total | X8: Total | AE8: Total | AL8: Total | AS8: Total | AZ8: Total | BG8: Total | BN8: Total | BU8: Total | CB8: Total
C9: % of female beneficiaries | D9: 0.5 | E9: 0.5 | F9: 0.5 | J9: % of female beneficiaries | K9: 0.5 | M9: 0.5 | Q9: % of female beneficiaries | X9: % of female beneficiaries | AE9: % of female beneficiaries | AL9: % of female beneficiaries | AS9: % of female beneficiaries | AZ9: % of female beneficiaries | BG9: % of female beneficiaries | BN9: % of female beneficiaries | BU9: % of female beneficiaries | CB9: % of female beneficiaries
C10: % of Youth beneficiaries | D10: 0.2 | E10: 0.2 | F10: 0.2 | J10: % of Youth beneficiaries | K10: 0.1 | M10: 0.1 | Q10: % of Youth beneficiaries | X10: % of Youth beneficiaries | AE10: % of Youth beneficiaries | AL10: % of Youth beneficiaries | AS10: % of Youth beneficiaries | AZ10: % of Youth beneficiaries | BG10: % of Youth beneficiaries | BN10: % of Youth beneficiaries | BU10: % of Youth beneficiaries | CB10: % of Youth beneficiaries
B13: Target performance at completion | I13: Target performance at completion | P13: Target performance at completion | W13: Target performance at completion | AD13: Target performance at completion | AK13: Target performance at completion | AR13: Target performance at completion | AY13: Target performance at completion | BF13: Target performance at completion | BM13: Target performance at completion | BT13: Target performance at completion | CA13: Target performance at completion
A14: Outcome 1: Reduced exposure to climate-related hazards and threats | B14: Indicator 1: Relevant threat and hazard information generated and disseminated to stakeholders on a timely basis | H14: Outcome 1: Reduced exposure to climate-related hazards and threats | I14: Indicator 1: Relevant threat and hazard information generated and disseminated to stakeholders on a timely basis | O14: Outcome 1: Reduced exposure to climate-related hazards and threats | P14: Indicator 1: Relevant threat and hazard information generated and disseminated to stakeholders on a timely basis | V14: Outcome 1: Reduced exposure to climate-related hazards and threats | W14: Indicator 1: Relevant threat and hazard information generated and disseminated to stakeholders on a timely basis | AC14: Outcome 1: Reduced exposure to climate-related hazards and threats | AD14: Indicator 1: Relevant threat and hazard information generated and disseminated to stakeholders on a timely basis | AJ14: Outcome 1: Reduced exposure to climate-related hazards and threats | AK14: Indicator 1: Relevant threat and hazard information generated and disseminated to stakeholders on a timely basis | AQ14: Outcome 1: Reduced exposure to climate-related hazards and threats | AR14: Indicator 1: Relevant threat and hazard information generated and disseminated to stakeholders on a timely basis | AX14: Outcome 1: Reduced exposure to climate-related hazards and threats | AY14: Indicator 1: Relevant threat and hazard information generated and disseminated to stakeholders on a timely basis | BE14: Outcome 1: Reduced exposure to climate-related hazards and threats | BF14: Indicator 1: Relevant threat and hazard information generated and disseminated to stakeholders on a timely basis | BL14: Outcome 1: Reduced exposure to climate-related hazards and threats | BM14: Indicator 1: Relevant threat and hazard information generated and disseminated to stakeholders on a timely basis | BS14: Outcome 1: Reduced exposure to climate-related hazards and threats | BT14: Indicator 1: Relevant threat and hazard information generated and disseminated to stakeholders on a timely basis | BZ14: Outcome 1: Reduced exposure to climate-related hazards and threats | CA14: Indicator 1: Relevant threat and hazard information generated and disseminated to stakeholders on a timely basis
C15: Number of targeted stakeholders | E15: Hazards information generated and disseminated | F15: Overall effectiveness | J15: Number of targeted stakeholders | L15: Hazards information generated and disseminated | M15: Overall effectiveness | Q15: Number of targeted stakeholders | S15: Hazards information generated and disseminated | T15: Overall effectiveness | X15: Number of targeted stakeholders | Z15: Hazards information generated and disseminated | AA15: Overall effectiveness | AE15: Number of targeted stakeholders | AG15: Hazards information generated and disseminated | AH15: Overall effectiveness | AL15: Number of targeted stakeholders | AN15: Hazards information generated and disseminated | AO15: Overall effectiveness | AS15: Number of targeted stakeholders | AU15: Hazards information generated and disseminated | AV15: Overall effectiveness | AZ15: Number of targeted stakeholders | BB15: Hazards information generated and disseminated | BC15: Overall effectiveness | BG15: Number of targeted stakeholders | BI15: Hazards information generated and disseminated | BJ15: Overall effectiveness | BN15: Number of targeted stakeholders | BP15: Hazards information generated and disseminated | BQ15: Overall effectiveness | BU15: Number of targeted stakeholders | BW15: Hazards information generated and disseminated | BX15: Overall effectiveness | CB15: Number of targeted stakeholders | CD15: Hazards information generated and disseminated | CE15: Overall effectiveness
C16: Total | D16: 100 | E16: Inland flooding | F16: Very effective | J16: Total | Q16: Total | X16: Total | AE16: Total | AL16: Total | AS16: Total | AZ16: Total | BG16: Total | BN16: Total | BU16: Total | CB16: Total
A17: Output 1.1 Risk and vulnerability assessments conducted and updated | C17: % of female targeted | D17: 0.5 | H17: Output 1.1 Risk and vulnerability assessments conducted and updated | J17: % of female targeted | O17: Output 1.1 Risk and vulnerability assessments conducted and updated | Q17: % of female targeted | V17: Output 1.1 Risk and vulnerability assessments conducted and updated | X17: % of female targeted | AC17: Output 1.1 Risk and vulnerability assessments conducted and updated | AE17: % of female targeted | AJ17: Output 1.1 Risk and vulnerability assessments conducted and updated | AL17: % of female targeted | AQ17: Output 1.1 Risk and vulnerability assessments conducted and updated | AS17: % of female targeted | AX17: Output 1.1 Risk and vulnerability assessments conducted and updated | AZ17: % of female targeted | BE17: Output 1.1 Risk and vulnerability assessments conducted and updated | BG17: % of female targeted | BL17: Output 1.1 Risk and vulnerability assessments conducted and updated | BN17: % of female targeted | BS17: Output 1.1 Risk and vulnerability assessments conducted and updated | BU17: % of female targeted | BZ17: Output 1.1 Risk and vulnerability assessments conducted and updated | CB17: % of female targeted
B18: Indicator 1.1: No. of projects/programmes that conduct and update risk and vulnerability assessments | C18: No. of projects/programmes that conduct and update risk and vulnerability assessments | D18: Sector | E18: Scale | F18: Status | I18: Indicator 1.1: No. of projects/programmes that conduct and update risk and vulnerability assessments | J18: No. of projects/programmes that conduct and update risk and vulnerability assessments | K18: Sector | L18: Scale | M18: Status | P18: Indicator 1.1: No. of projects/programmes that conduct and update risk and vulnerability assessments | Q18: No. of projects/programmes that conduct and update risk and vulnerability assessments | R18: Sector | S18: Scale | T18: Status | W18: Indicator 1.1: No. of projects/programmes that conduct and update risk and vulnerability assessments | X18: No. of projects/programmes that conduct and update risk and vulnerability assessments | Y18: Sector | Z18: Scale | AA18: Status | AD18: Indicator 1.1: No. of projects/programmes that conduct and update risk and vulnerability assessments | AE18: No. of projects/programmes that conduct and update risk and vulnerability assessments | AF18: Sector | AG18: Scale | AH18: Status | AK18: Indicator 1.1: No. of projects/programmes that conduct and update risk and vulnerability assessments | AL18: No. of projects/programmes that conduct and update risk and vulnerability assessments | AM18: Sector | AN18: Scale | AO18: Status | AR18: Indicator 1.1: No. of projects/programmes that conduct and update risk and vulnerability assessments | AS18: No. of projects/programmes that conduct and update risk and vulnerability assessments | AT18: Sector | AU18: Scale | AV18: Status | AY18: Indicator 1.1: No. of projects/programmes that conduct and update risk and vulnerability assessments | AZ18: No. of projects/programmes that conduct and update risk and vulnerability assessments | BA18: Sector | BB18: Scale | BC18: Status | BF18: Indicator 1.1: No. of projects/programmes that conduct and update risk and vulnerability assessments | BG18: No. of projects/programmes that conduct and update risk and vulnerability assessments | BH18: Sector | BI18: Scale | BJ18: Status | BM18: Indicator 1.1: No. of projects/programmes that conduct and update risk and vulnerability assessments | BN18: No. of projects/programmes that conduct and update risk and vulnerability assessments | BO18: Sector | BP18: Scale | BQ18: Status | BT18: Indicator 1.1: No. of projects/programmes that conduct and update risk and vulnerability assessments | BU18: No. of projects/programmes that conduct and update risk and vulnerability assessments | BV18: Sector | BW18: Scale | BX18: Status | CA18: Indicator 1.1: No. of projects/programmes that conduct and update risk and vulnerability assessments | CB18: No. of projects/programmes that conduct and update risk and vulnerability assessments | CC18: Sector | CD18: Scale | CE18: Status
C19: 1 | D19: Water management | E19: Local | F19: 3: Risk and vulnerability assessments completed or updated
B20: Core Indicator 1.2: No. of Early Warning Systems | C20: No. of adopted Early Warning Systems | D20: Category targeted | E20: Hazard | F20: Flood | I20: Core Indicator 1.2: No. of Early Warning Systems | J20: No. of adopted Early Warning Systems | K20: Category targeted | L20: Hazard | P20: Core Indicator 1.2: No. of Early Warning Systems | Q20: No. of adopted Early Warning Systems | R20: Category targeted | S20: Hazard | W20: Core Indicator 1.2: No. of Early Warning Systems | X20: No. of adopted Early Warning Systems | Y20: Category targeted | Z20: Hazard | AD20: Core Indicator 1.2: No. of Early Warning Systems | AE20: No. of adopted Early Warning Systems | AF20: Category targeted | AG20: Hazard | AK20: Core Indicator 1.2: No. of Early Warning Systems | AL20: No. of adopted Early Warning Systems | AM20: Category targeted | AN20: Hazard | AR20: Core Indicator 1.2: No. of Early Warning Systems | AS20: No. of adopted Early Warning Systems | AT20: Category targeted | AU20: Hazard | AY20: Core Indicator 1.2: No. of Early Warning Systems | AZ20: No. of adopted Early Warning Systems | BA20: Category targeted | BB20: Hazard | BF20: Core Indicator 1.2: No. of Early Warning Systems | BG20: No. of adopted Early Warning Systems | BH20: Category targeted | BI20: Hazard | BM20: Core Indicator 1.2: No. of Early Warning Systems | BN20: No. of adopted Early Warning Systems | BO20: Category targeted | BP20: Hazard | BT20: Core Indicator 1.2: No. of Early Warning Systems | BU20: No. of adopted Early Warning Systems | BV20: Category targeted | BW20: Hazard | CA20: Core Indicator 1.2: No. of Early Warning Systems | CB20: No. of adopted Early Warning Systems | CC20: Category targeted | CD20: Hazard
C21: 1 | D21: 2: Monitoring and warning service | E21: Geographical coverage | F21: National scale | L21: Geographical coverage | S21: Geographical coverage | Z21: Geographical coverage | AG21: Geographical coverage | AN21: Geographical coverage | AU21: Geographical coverage | BB21: Geographical coverage | BI21: Geographical coverage | BP21: Geographical coverage | BW21: Geographical coverage | CD21: Geographical coverage
E22: Number of municipalities | F22: 13 | L22: Number of municipalities | S22: Number of municipalities | Z22: Number of municipalities | AG22: Number of municipalities | AN22: Number of municipalities | AU22: Number of municipalities | BB22: Number of municipalities | BI22: Number of municipalities | BP22: Number of municipalities | BW22: Number of municipalities | CD22: Number of municipalities
A25: Output 1.2 Targeted population groups covered by adequate risk reduction systems | B25: Target performance at completion | H25: Output 1.2 Targeted population groups covered by adequate risk reduction systems | I25: Target performance at completion | O25: Output 1.2 Targeted population groups covered by adequate risk reduction systems | P25: Target performance at completion | V25: Output 1.2 Targeted population groups covered by adequate risk reduction systems | W25: Target performance at completion | AC25: Output 1.2 Targeted population groups covered by adequate risk reduction systems | AD25: Target performance at completion | AJ25: Output 1.2 Targeted population groups covered by adequate risk reduction systems | AK25: Target performance at completion | AQ25: Output 1.2 Targeted population groups covered by adequate risk reduction systems | AR25: Target performance at completion | AX25: Output 1.2 Targeted population groups covered by adequate risk reduction systems | AY25: Target performance at completion | BE25: Output 1.2 Targeted population groups covered by adequate risk reduction systems | BF25: Target performance at completion | BL25: Output 1.2 Targeted population groups covered by adequate risk reduction systems | BM25: Target performance at completion | BS25: Output 1.2 Targeted population groups covered by adequate risk reduction systems | BT25: Target performance at completion | BZ25: Output 1.2 Targeted population groups covered by adequate risk reduction systems | CA25: Target performance at completion
B26: Indicator 2: Capacity of staff to respond to, and mitigate impacts of, climate-related events from targeted institutions increased | C26: Number of staff targeted | E26: Sector | F26: Capacity level | I26: Indicator 2: Capacity of staff to respond to, and mitigate impacts of, climate-related events from targeted institutions increased | J26: Number of staff targeted | L26: Sector | M26: Capacity level | P26: Indicator 2: Capacity of staff to respond to, and mitigate impacts of, climate-related events from targeted institutions increased | Q26: Number of staff targeted | S26: Sector | T26: Capacity level | W26: Indicator 2: Capacity of staff to respond to, and mitigate impacts of, climate-related events from targeted institutions increased | X26: Number of staff targeted | Z26: Sector | AA26: Capacity level | AD26: Indicator 2: Capacity of staff to respond to, and mitigate impacts of, climate-related events from targeted institutions increased | AE26: Number of staff targeted | AG26: Sector | AH26: Capacity level | AK26: Indicator 2: Capacity of staff to respond to, and mitigate impacts of, climate-related events from targeted institutions increased | AL26: Number of staff targeted | AN26: Sector | AO26: Capacity level | AR26: Indicator 2: Capacity of staff to respond to, and mitigate impacts of, climate-related events from targeted institutions increased | AS26: Number of staff targeted | AU26: Sector | AV26: Capacity level | AY26: Indicator 2: Capacity of staff to respond to, and mitigate impacts of, climate-related events from targeted institutions increased | AZ26: Number of staff targeted | BB26: Sector | BC26: Capacity level | BF26: Indicator 2: Capacity of staff to respond to, and mitigate impacts of, climate-related events from targeted institutions increased | BG26: Number of staff targeted | BI26: Sector | BJ26: Capacity level | BM26: Indicator 2: Capacity of staff to respond to, and mitigate impacts of, climate-related events from targeted institutions increased | BN26: Number of staff targeted | BP26: Sector | BQ26: Capacity level | BT26: Indicator 2: Capacity of staff to respond to, and mitigate impacts of, climate-related events from targeted institutions increased | BU26: Number of staff targeted | BW26: Sector | BX26: Capacity level | CA26: Indicator 2: Capacity of staff to respond to, and mitigate impacts of, climate-related events from targeted institutions increased | CB26: Number of staff targeted | CD26: Sector | CE26: Capacity level
C27: Total | D27: 110 | E27: Water management | F27: Local | J27: Total | Q27: Total | X27: Total | AE27: Total | AL27: Total | AS27: Total | AZ27: Total | BG27: Total | BN27: Total | BU27: Total | CB27: Total
C28: % of female targeted | D28: 0.33 | J28: % of female targeted | Q28: % of female targeted | X28: % of female targeted | AE28: % of female targeted | AL28: % of female targeted | AS28: % of female targeted | AZ28: % of female targeted | BG28: % of female targeted | BN28: % of female targeted | BU28: % of female targeted | CB28: % of female targeted
B29: Indicator 2.1.1: No. of staff trained to respond to, and mitigate impacts of, climate-related events | C29: Total staff trained | D29: % of female staff trained | E29: Type | F29: Sector | I29: Indicator 2.1.1: No. of staff trained to respond to, and mitigate impacts of, climate-related events | J29: Total staff trained | K29: % of female staff trained | L29: Type | M29: Sector | P29: Indicator 2.1.1: No. of staff trained to respond to, and mitigate impacts of, climate-related events | Q29: Total staff trained | R29: % of female staff trained | S29: Type | T29: Sector | W29: Indicator 2.1.1: No. of staff trained to respond to, and mitigate impacts of, climate-related events | X29: Total staff trained | Y29: % of female staff trained | Z29: Type | AA29: Sector | AD29: Indicator 2.1.1: No. of staff trained to respond to, and mitigate impacts of, climate-related events | AE29: Total staff trained | AF29: % of female staff trained | AG29: Type | AH29: Sector | AK29: Indicator 2.1.1: No. of staff trained to respond to, and mitigate impacts of, climate-related events | AL29: Total staff trained | AM29: % of female staff trained | AN29: Type | AO29: Sector | AR29: Indicator 2.1.1: No. of staff trained to respond to, and mitigate impacts of, climate-related events | AS29: Total staff trained | AT29: % of female staff trained | AU29: Type | AV29: Sector | AY29: Indicator 2.1.1: No. of staff trained to respond to, and mitigate impacts of, climate-related events | AZ29: Total staff trained | BA29: % of female staff trained | BB29: Type | BC29: Sector | BF29: Indicator 2.1.1: No. of staff trained to respond to, and mitigate impacts of, climate-related events | BG29: Total staff trained | BH29: % of female staff trained | BI29: Type | BJ29: Sector | BM29: Indicator 2.1.1: No. of staff trained to respond to, and mitigate impacts of, climate-related events | BN29: Total staff trained | BO29: % of female staff trained | BP29: Type | BQ29: Sector | BT29: Indicator 2.1.1: No. of staff trained to respond to, and mitigate impacts of, climate-related events | BU29: Total staff trained | BV29: % of female staff trained | BW29: Type | BX29: Sector | CA29: Indicator 2.1.1: No. of staff trained to respond to, and mitigate impacts of, climate-related events | CB29: Total staff trained | CC29: % of female staff trained | CD29: Type | CE29: Sector
C30: 110 | D30: 0.3 | E30: Private and public | F30: Water management
B31: Indicator 2.1.2: No. of targeted institutions with increased capacity to minimize exposure to climate variability risks | C31: Type | D31: Scale | E31: Sector | F31: Capacity level | I31: Indicator 2.1.2: No. of targeted institutions with increased capacity to minimize exposure to climate variability risks | J31: Type | K31: Scale | L31: Sector | M31: Capacity level | P31: Indicator 2.1.2: No. of targeted institutions with increased capacity to minimize exposure to climate variability risks | Q31: Type | R31: Scale | S31: Sector | T31: Capacity level | W31: Indicator 2.1.2: No. of targeted institutions with increased capacity to minimize exposure to climate variability risks | X31: Type | Y31: Scale | Z31: Sector | AA31: Capacity level | AD31: Indicator 2.1.2: No. of targeted institutions with increased capacity to minimize exposure to climate variability risks | AE31: Type | AF31: Scale | AG31: Sector | AH31: Capacity level | AK31: Indicator 2.1.2: No. of targeted institutions with increased capacity to minimize exposure to climate variability risks | AL31: Type | AM31: Scale | AN31: Sector | AO31: Capacity level | AR31: Indicator 2.1.2: No. of targeted institutions with increased capacity to minimize exposure to climate variability risks | AS31: Type | AT31: Scale | AU31: Sector | AV31: Capacity level | AY31: Indicator 2.1.2: No. of targeted institutions with increased capacity to minimize exposure to climate variability risks | AZ31: Type | BA31: Scale | BB31: Sector | BC31: Capacity level | BF31: Indicator 2.1.2: No. of targeted institutions with increased capacity to minimize exposure to climate variability risks | BG31: Type | BH31: Scale | BI31: Sector | BJ31: Capacity level | BM31: Indicator 2.1.2: No. of targeted institutions with increased capacity to minimize exposure to climate variability risks | BN31: Type | BO31: Scale | BP31: Sector | BQ31: Capacity level | BT31: Indicator 2.1.2: No. of targeted institutions with increased capacity to minimize exposure to climate variability risks | BU31: Type | BV31: Scale | BW31: Sector | BX31: Capacity level | CA31: Indicator 2.1.2: No. of targeted institutions with increased capacity to minimize exposure to climate variability risks | CB31: Type | CC31: Scale | CD31: Sector | CE31: Capacity level
C32: 3 | D32: Local | E32: Water management | F32: National / Regional / Local
B33: Indicator 2.2.1: No. of targeted institutions benefitting from the direct access and enhanced direct access modality | C33: Number of beneficiaries | D33: Scale | E33: Sector | F33: Capacity level | I33: Indicator 2.2.1: No. of targeted institutions benefitting from the direct access and enhanced direct access modality | J33: Number of beneficiaries | K33: Scale | L33: Sector | M33: Capacity level | P33: Indicator 2.2.1: No. of targeted institutions benefitting from the direct access and enhanced direct access modality | Q33: Number of beneficiaries | R33: Scale | S33: Sector | T33: Capacity level | W33: Indicator 2.2.1: No. of targeted institutions benefitting from the direct access and enhanced direct access modality | X33: Number of beneficiaries | Y33: Scale | Z33: Sector | AA33: Capacity level | AD33: Indicator 2.2.1: No. of targeted institutions benefitting from the direct access and enhanced direct access modality | AE33: Number of beneficiaries | AF33: Scale | AG33: Sector | AH33: Capacity level | AK33: Indicator 2.2.1: No. of targeted institutions benefitting from the direct access and enhanced direct access modality | AL33: Number of beneficiaries | AM33: Scale | AN33: Sector | AO33: Capacity level | AR33: Indicator 2.2.1: No. of targeted institutions benefitting from the direct access and enhanced direct access modality | AS33: Number of beneficiaries | AT33: Scale | AU33: Sector | AV33: Capacity level | AY33: Indicator 2.2.1: No. of targeted institutions benefitting from the direct access and enhanced direct access modality | AZ33: Number of beneficiaries | BA33: Scale | BB33: Sector | BC33: Capacity level | BF33: Indicator 2.2.1: No. of targeted institutions benefitting from the direct access and enhanced direct access modality | BG33: Number of beneficiaries | BH33: Scale | BI33: Sector | BJ33: Capacity level | BM33: Indicator 2.2.1: No. of targeted institutions benefitting from the direct access and enhanced direct access modality | BN33: Number of beneficiaries | BO33: Scale | BP33: Sector | BQ33: Capacity level | BT33: Indicator 2.2.1: No. of targeted institutions benefitting from the direct access and enhanced direct access modality | BU33: Number of beneficiaries | BV33: Scale | BW33: Sector | BX33: Capacity level | CA33: Indicator 2.2.1: No. of targeted institutions benefitting from the direct access and enhanced direct access modality | CB33: Number of beneficiaries | CC33: Scale | CD33: Sector | CE33: Capacity level
C34: 4 | D34: Local | E34: Water management | F34: Local
A37: Outcome 3: Strengthened awareness and ownership of adaptation and climate risk reduction processes | B37: Target performance at completion | H37: Outcome 3: Strengthened awareness and ownership of adaptation and climate risk reduction processes | I37: Target performance at completion | O37: Outcome 3: Strengthened awareness and ownership of adaptation and climate risk reduction processes | P37: Target performance at completion | V37: Outcome 3: Strengthened awareness and ownership of adaptation and climate risk reduction processes | W37: Target performance at completion | AC37: Outcome 3: Strengthened awareness and ownership of adaptation and climate risk reduction processes | AD37: Target performance at completion | AJ37: Outcome 3: Strengthened awareness and ownership of adaptation and climate risk reduction processes | AK37: Target performance at completion | AQ37: Outcome 3: Strengthened awareness and ownership of adaptation and climate risk reduction processes | AR37: Target performance at completion | AX37: Outcome 3: Strengthened awareness and ownership of adaptation and climate risk reduction processes | AY37: Target performance at completion | BE37: Outcome 3: Strengthened awareness and ownership of adaptation and climate risk reduction processes | BF37: Target performance at completion | BL37: Outcome 3: Strengthened awareness and ownership of adaptation and climate risk reduction processes | BM37: Target performance at completion | BS37: Outcome 3: Strengthened awareness and ownership of adaptation and climate risk reduction processes | BT37: Target performance at completion | BZ37: Outcome 3: Strengthened awareness and ownership of adaptation and climate risk reduction processes | CA37: Target performance at completion
A38: Output 3: Targeted population groups participating in adaptation and risk reduction awareness activities | B38: Indicator 3.1.1: Percentage of targeted population awareness of predicted adverse impacts of climate change, and of appropriate responses | C38: Percentage of targeted population applying adaptation measures | E38: Sector | H38: Output 3: Targeted population groups participating in adaptation and risk reduction awareness activities | I38: Indicator 3.1.1: Percentage of targeted population awareness of predicted adverse impacts of climate change, and of appropriate responses | J38: Percentage of targeted population applying adaptation measures | L38: Sector | O38: Output 3: Targeted population groups participating in adaptation and risk reduction awareness activities | P38: Indicator 3.1.1: Percentage of targeted population awareness of predicted adverse impacts of climate change, and of appropriate responses | Q38: Percentage of targeted population applying adaptation measures | S38: Sector | V38: Output 3: Targeted population groups participating in adaptation and risk reduction awareness activities | W38: Indicator 3.1.1: Percentage of targeted population awareness of predicted adverse impacts of climate change, and of appropriate responses | X38: Percentage of targeted population applying adaptation measures | Z38: Sector | AC38: Output 3: Targeted population groups participating in adaptation and risk reduction awareness activities | AD38: Indicator 3.1.1: Percentage of targeted population awareness of predicted adverse impacts of climate change, and of appropriate responses | AE38: Percentage of targeted population applying adaptation measures | AG38: Sector | AJ38: Output 3: Targeted population groups participating in adaptation and risk reduction awareness activities | AK38: Indicator 3.1.1: Percentage of targeted population awareness of predicted adverse impacts of climate change, and of appropriate responses | AL38: Percentage of targeted population applying adaptation measures | AN38: Sector | AQ38: Output 3: Targeted population groups participating in adaptation and risk reduction awareness activities | AR38: Indicator 3.1.1: Percentage of targeted population awareness of predicted adverse impacts of climate change, and of appropriate responses | AS38: Percentage of targeted population applying adaptation measures | AU38: Sector | AX38: Output 3: Targeted population groups participating in adaptation and risk reduction awareness activities | AY38: Indicator 3.1.1: Percentage of targeted population awareness of predicted adverse impacts of climate change, and of appropriate responses | AZ38: Percentage of targeted population applying adaptation measures | BB38: Sector | BE38: Output 3: Targeted population groups participating in adaptation and risk reduction awareness activities | BF38: Indicator 3.1.1: Percentage of targeted population awareness of predicted adverse impacts of climate change, and of appropriate responses | BG38: Percentage of targeted population applying adaptation measures | BI38: Sector | BL38: Output 3: Targeted population groups participating in adaptation and risk reduction awareness activities | BM38: Indicator 3.1.1: Percentage of targeted population awareness of predicted adverse impacts of climate change, and of appropriate responses | BN38: Percentage of targeted population applying adaptation measures | BP38: Sector | BS38: Output 3: Targeted population groups participating in adaptation and risk reduction awareness activities | BT38: Indicator 3.1.1: Percentage of targeted population awareness of predicted adverse impacts of climate change, and of appropriate responses | BU38: Percentage of targeted population applying adaptation measures | BW38: Sector | BZ38: Output 3: Targeted population groups participating in adaptation and risk reduction awareness activities | CA38: Indicator 3.1.1: Percentage of targeted population awareness of predicted adverse impacts of climate change, and of appropriate responses | CB38: Percentage of targeted population applying adaptation measures | CD38: Sector
C39: 0.6 | E39: Food security
C40: No. of targeted beneficiaries | D40: % of female participants targeted | E40: Level of awareness | J40: No. of targeted beneficiaries | K40: % of female participants targeted | L40: Level of awareness | Q40: No. of targeted beneficiaries | R40: % of female participants targeted | S40: Level of awareness | X40: No. of targeted beneficiaries | Y40: % of female participants targeted | Z40: Level of awareness | AE40: No. of targeted beneficiaries | AF40: % of female participants targeted | AG40: Level of awareness | AL40: No. of targeted beneficiaries | AM40: % of female participants targeted | AN40: Level of awareness | AS40: No. of targeted beneficiaries | AT40: % of female participants targeted | AU40: Level of awareness | AZ40: No. of targeted beneficiaries | BA40: % of female participants targeted | BB40: Level of awareness | BG40: No. of targeted beneficiaries | BH40: % of female participants targeted | BI40: Level of awareness | BN40: No. of targeted beneficiaries | BO40: % of female participants targeted | BP40: Level of awareness | BU40: No. of targeted beneficiaries | BV40: % of female participants targeted | BW40: Level of awareness | CB40: No. of targeted beneficiaries | CC40: % of female participants targeted | CD40: Level of awareness
C41: 3000 | D41: 0.5 | E41: Mostly aware
A42: Output 3.2: Strengthened capacity of national and subnational stakeholders and entities to capture and disseminate knowledge and learning | B42: Indicator 3.2.1: No. of technical committees/associations formed to ensure transfer of knowledge | C42: No. of technical committees/associations | D42: % of women represented in committees/associations | E42: Level of awareness | H42: Output 3.2: Strengthened capacity of national and subnational stakeholders and entities to capture and disseminate knowledge and learning | I42: Indicator 3.2.1: No. of technical committees/associations formed to ensure transfer of knowledge | J42: No. of technical committees/associations | K42: % of women represented in committees/associations | L42: Level of awareness | O42: Output 3.2: Strengthened capacity of national and subnational stakeholders and entities to capture and disseminate knowledge and learning | P42: Indicator 3.2.1: No. of technical committees/associations formed to ensure transfer of knowledge | Q42: No. of technical committees/associations | R42: % of women represented in committees/associations | S42: Level of awareness | V42: Output 3.2: Strengthened capacity of national and subnational stakeholders and entities to capture and disseminate knowledge and learning | W42: Indicator 3.2.1: No. of technical committees/associations formed to ensure transfer of knowledge | X42: No. of technical committees/associations | Y42: % of women represented in committees/associations | Z42: Level of awareness | AC42: Output 3.2: Strengthened capacity of national and subnational stakeholders and entities to capture and disseminate knowledge and learning | AD42: Indicator 3.2.1: No. of technical committees/associations formed to ensure transfer of knowledge | AE42: No. of technical committees/associations | AF42: % of women represented in committees/associations | AG42: Level of awareness | AJ42: Output 3.2: Strengthened capacity of national and subnational stakeholders and entities to capture and disseminate knowledge and learning | AK42: Indicator 3.2.1: No. of technical committees/associations formed to ensure transfer of knowledge | AL42: No. of technical committees/associations | AM42: % of women represented in committees/associations | AN42: Level of awareness | AQ42: Output 3.2: Strengthened capacity of national and subnational stakeholders and entities to capture and disseminate knowledge and learning | AR42: Indicator 3.2.1: No. of technical committees/associations formed to ensure transfer of knowledge | AS42: No. of technical committees/associations | AT42: % of women represented in committees/associations | AU42: Level of awareness | AX42: Output 3.2: Strengthened capacity of national and subnational stakeholders and entities to capture and disseminate knowledge and learning | AY42: Indicator 3.2.1: No. of technical committees/associations formed to ensure transfer of knowledge | AZ42: No. of technical committees/associations | BA42: % of women represented in committees/associations | BB42: Level of awareness | BE42: Output 3.2: Strengthened capacity of national and subnational stakeholders and entities to capture and disseminate knowledge and learning | BF42: Indicator 3.2.1: No. of technical committees/associations formed to ensure transfer of knowledge | BG42: No. of technical committees/associations | BH42: % of women represented in committees/associations | BI42: Level of awareness | BL42: Output 3.2: Strengthened capacity of national and subnational stakeholders and entities to capture and disseminate knowledge and learning | BM42: Indicator 3.2.1: No. of technical committees/associations formed to ensure transfer of knowledge | BN42: No. of technical committees/associations | BO42: % of women represented in committees/associations | BP42: Level of awareness | BS42: Output 3.2: Strengthened capacity of national and subnational stakeholders and entities to capture and disseminate knowledge and learning | BT42: Indicator 3.2.1: No. of technical committees/associations formed to ensure transfer of knowledge | BU42: No. of technical committees/associations | BV42: % of women represented in committees/associations | BW42: Level of awareness | BZ42: Output 3.2: Strengthened capacity of national and subnational stakeholders and entities to capture and disseminate knowledge and learning | CA42: Indicator 3.2.1: No. of technical committees/associations formed to ensure transfer of knowledge | CB42: No. of technical committees/associations | CC42: % of women represented in committees/associations | CD42: Level of awareness
C43: 0
B44: Indicator 3.2.2: No. of tools and guidelines developed (thematic, sectoral, institutional) and shared with relevant stakeholders | C44: No. of tools and guidelines | D44: type | E44: Scale | I44: Indicator 3.2.2: No. of tools and guidelines developed (thematic, sectoral, institutional) and shared with relevant stakeholders | J44: No. of tools and guidelines | K44: type | L44: Scale | P44: Indicator 3.2.2: No. of tools and guidelines developed (thematic, sectoral, institutional) and shared with relevant stakeholders | Q44: No. of tools and guidelines | R44: type | S44: Scale | W44: Indicator 3.2.2: No. of tools and guidelines developed (thematic, sectoral, institutional) and shared with relevant stakeholders | X44: No. of tools and guidelines | Y44: type | Z44: Scale | AD44: Indicator 3.2.2: No. of tools and guidelines developed (thematic, sectoral, institutional) and shared with relevant stakeholders | AE44: No. of tools and guidelines | AF44: type | AG44: Scale | AK44: Indicator 3.2.2: No. of tools and guidelines developed (thematic, sectoral, institutional) and shared with relevant stakeholders | AL44: No. of tools and guidelines | AM44: type | AN44: Scale | AR44: Indicator 3.2.2: No. of tools and guidelines developed (thematic, sectoral, institutional) and shared with relevant stakeholders | AS44: No. of tools and guidelines | AT44: type | AU44: Scale | AY44: Indicator 3.2.2: No. of tools and guidelines developed (thematic, sectoral, institutional) and shared with relevant stakeholders | AZ44: No. of tools and guidelines | BA44: type | BB44: Scale | BF44: Indicator 3.2.2: No. of tools and guidelines developed (thematic, sectoral, institutional) and shared with relevant stakeholders | BG44: No. of tools and guidelines | BH44: type | BI44: Scale | BM44: Indicator 3.2.2: No. of tools and guidelines developed (thematic, sectoral, institutional) and shared with relevant stakeholders | BN44: No. of tools and guidelines | BO44: type | BP44: Scale | BT44: Indicator 3.2.2: No. of tools and guidelines developed (thematic, sectoral, institutional) and shared with relevant stakeholders | BU44: No. of tools and guidelines | BV44: type | BW44: Scale | CA44: Indicator 3.2.2: No. of tools and guidelines developed (thematic, sectoral, institutional) and shared with relevant stakeholders | CB44: No. of tools and guidelines | CC44: type | CD44: Scale
C45: 3 | D45: technical guidelines | E45: Local
B47: Target performance at completion | I47: Target performance at completion | P47: Target performance at completion | W47: Target performance at completion | AD47: Target performance at completion | AK47: Target performance at completion | AR47: Target performance at completion | AY47: Target performance at completion | BF47: Target performance at completion | BM47: Target performance at completion | BT47: Target performance at completion | CA47: Target performance at completion
A48: Outcome 4: Increased adaptive capacity within relevant development sector services and infrastructure assets | B48: Indicator 4.1: Increased responsiveness of development sector services to evolving needs from changing and variable climate | C48: Project/programme sector | D48: Geographical scale | E48: Response level | H48: Outcome 4: Increased adaptive capacity within relevant development sector services and infrastructure assets | I48: Indicator 4.1: Increased responsiveness of development sector services to evolving needs from changing and variable climate | J48: Project/programme sector | K48: Geographical scale | L48: Response level | O48: Outcome 4: Increased adaptive capacity within relevant development sector services and infrastructure assets | P48: Indicator 4.1: Increased responsiveness of development sector services to evolving needs from changing and variable climate | Q48: Project/programme sector | R48: Geographical scale | S48: Response level | V48: Outcome 4: Increased adaptive capacity within relevant development sector services and infrastructure assets | W48: Indicator 4.1: Increased responsiveness of development sector services to evolving needs from changing and variable climate | X48: Project/programme sector | Y48: Geographical scale | Z48: Response level | AC48: Outcome 4: Increased adaptive capacity within relevant development sector services and infrastructure assets | AD48: Indicator 4.1: Increased responsiveness of development sector services to evolving needs from changing and variable climate | AE48: Project/programme sector | AF48: Geographical scale | AG48: Response level | AJ48: Outcome 4: Increased adaptive capacity within relevant development sector services and infrastructure assets | AK48: Indicator 4.1: Increased responsiveness of development sector services to evolving needs from changing and variable climate | AL48: Project/programme sector | AM48: Geographical scale | AN48: Response level | AQ48: Outcome 4: Increased adaptive capacity within relevant development sector services and infrastructure assets | AR48: Indicator 4.1: Increased responsiveness of development sector services to evolving needs from changing and variable climate | AS48: Project/programme sector | AT48: Geographical scale | AU48: Response level | AX48: Outcome 4: Increased adaptive capacity within relevant development sector services and infrastructure assets | AY48: Indicator 4.1: Increased responsiveness of development sector services to evolving needs from changing and variable climate | AZ48: Project/programme sector | BA48: Geographical scale | BB48: Response level | BE48: Outcome 4: Increased adaptive capacity within relevant development sector services and infrastructure assets | BF48: Indicator 4.1: Increased responsiveness of development sector services to evolving needs from changing and variable climate | BG48: Project/programme sector | BH48: Geographical scale | BI48: Response level | BL48: Outcome 4: Increased adaptive capacity within relevant development sector services and infrastructure assets | BM48: Indicator 4.1: Increased responsiveness of development sector services to evolving needs from changing and variable climate | BN48: Project/programme sector | BO48: Geographical scale | BP48: Response level | BS48: Outcome 4: Increased adaptive capacity within relevant development sector services and infrastructure assets | BT48: Indicator 4.1: Increased responsiveness of development sector services to evolving needs from changing and variable climate | BU48: Project/programme sector | BV48: Geographical scale | BW48: Response level | BZ48: Outcome 4: Increased adaptive capacity within relevant development sector services and infrastructure assets | CA48: Indicator 4.1: Increased responsiveness of development sector services to evolving needs from changing and variable climate | CB48: Project/programme sector | CC48: Geographical scale | CD48: Response level
C49: Water management | D49: Local | E49: Highly responsive
